 Dungeon Crawl Stone Soup version 0.24-a0-618-ge4662a2d14 (webtiles) character file.

Game seed: 6125486955653710244, levelgen mode: deterministic

1048660 Arang the Conqueror (level 27, -1/281 HPs)
             Began as a Centaur Hunter on Sept 13, 2019.
             Was the Champion of Jiyva.
             Killed from afar by an electric golem (46 damage)
             ... with a bolt of lightning
             ... on level 2 of the Realm of Zot on Sept 16, 2019.
             The game lasted 12:56:16 (163944 turns).

Arang the Conqueror (Centaur Hunter)              Turns: 163944, Time: 12:56:17

Health: -1/281     AC: 58    Str: 32    XL:     27
Magic:  44/45      EV:  9    Int: 14    God:    Jiyva [******]
Gold:   3976       SH: 25    Dex: 12    Spells: 37/54 levels left

rFire    + + .     SeeInvis +   x - +8 demon trident "Rift" {distort, reach+}
rCold    + + +     Gourm    .   L - +3 shield of the Many Spirits {Regen+ Dex+4 Stlth-}
rNeg     + . .     Faith    .   g - +11 gold dragon scales
rPois    +         Spirit   .   (no helmet)
rElec    .         Reflect  +   j - +2 cloak {+Inv}
rCorr    +         Harm     .   F - +2 pair of gloves {Str+3}
MR       +++..                  H - +4 centaur barding
Stlth    ..........             n - brooch of Shielding {Reflect SH+8}
HPRegen  0.96/turn              y - ring of Incredulity {rC+++ Int-4 Slay+3 SInv}
MPRegen  0.29/turn              T - ring "Hekin" {rN+ MR+ Str+3}

@: lethally poisoned (-1 -> -2), singing, no potions, very quick
A: large, hooves 3, iridescent scales 1, rugged brown scales 1, thin metallic
scales 1, agile 1, clever 1, deformed body, fire resistance 1, speed 2, high mp
1, sense surroundings 1, tough skin 3, wild magic 2, acidic bite, gelatinous
body 1, translucent skin 1, evolution 1
}: 6/15 runes: decaying, slimy, silver, obsidian, abyssal, gossamer
a: Request Jelly, Slimify, Cure Bad Mutation, Renounce Religion, Evoke
Invisibility


You were on level 2 of the Realm of Zot.
You worshipped Jiyva.
Jiyva was exalted by your worship.
You were completely stuffed.

You visited 16 branches of the dungeon, and saw 77 of its levels.
You visited the Abyss 15 times.
You visited 1 bazaar.
You also visited: Bailey, Gauntlet, Volcano, Wizlab and Desolation.

You collected 10583 gold pieces.
You spent 6607 gold pieces at shops.

Inventory:

Hand Weapons
 x - the +8 demon trident "Rift" (weapon) {distort, reach+}
   (You bought it in a shop in a bazaar)

   It warps and distorts space around it.
   Unwielding it can cause banishment or high damage.
 A - a +5 demon trident of electrocution
Missiles
 d - 11 throwing nets
 o - 19 javelins
 r - 11 boomerangs (quivered)
 P - 40 curare-tipped darts
 V - 36 atropa-tipped darts
Armour
 c - a +2 helmet
 g - +11 gold dragon scales (worn)
 j - a +2 cloak of invisibility (worn)
 F - a +2 pair of gloves of strength (worn)
 H - a +4 centaur barding (worn)
 L - the +3 shield of the Many Spirits (worn) {Regen+ Dex+4 Stlth-}
   (You took it off a human on level 14 of the Dungeon)

   It affects your dexterity (+4).
   It increases your rate of regeneration.
   It makes you less stealthy.
 U - a +2 cloak of magic resistance
Jewellery
 a - the ring of the Swan {rF+ Slay+2}
   (You found it in the Desolation of Salt)

   [ring of protection from fire]

   It affects your accuracy and damage with ranged weapons and melee attacks
   (+2).
   It protects you from fire.
 n - the brooch of Shielding (around neck) {Reflect SH+8}
   (You bought it in a shop on level 4 of the Depths)

   [amulet of reflection]

   It shields you and reflects attacks.
   It affects your SH (+8).
 q - an uncursed ring of protection from fire
 y - the ring of Incredulity (left hand) {rC+++ Int-4 Slay+3 SInv}
   (You bought it in a shop on level 4 of the Depths)

   [ring of slaying]

   It affects your intelligence (-4).
   It affects your accuracy and damage with ranged weapons and melee attacks
   (+3).
   It renders you almost immune to cold.
   It lets you see invisible.
 T - the ring "Hekin" (right hand) {rN+ MR+ Str+3}
   (You took it off a deep elf death mage on level 3 of the Crypt)

   [ring of positive energy]

   It affects your strength (+3).
   It protects you from negative energy.
   It affects your resistance to hostile enchantments.
 Y - the ring "Behan" {rElec rC+ AC-3}
   (You found it on level 2 of the Depths)

   [ring of protection]

   It affects your AC (-3).
   It protects you from cold.
   It insulates you from electricity.
 Z - an uncursed amulet of magic regeneration
Wands
 t - a wand of clouds (4)
 z - a wand of iceblast (51)
 J - a wand of acid (42)
 O - a wand of digging (24)
Scrolls
 h - a scroll of holy word
 l - 8 scrolls of fog
 m - 35 scrolls of remove curse
 s - 10 scrolls of magic mapping
 u - a scroll of enchant weapon
 v - 10 scrolls of fear
 C - 21 scrolls of teleportation
 E - 9 scrolls of identify
 N - 5 scrolls of summoning
 R - 6 scrolls of blinking
Potions
 b - 4 potions of cancellation
 e - 14 potions of resistance
 i - 11 potions of might
 k - 10 potions of flight
 p - 10 potions of ambrosia
 w - 10 potions of heal wounds
 D - 14 potions of haste
 I - 5 potions of invisibility
 K - 12 potions of curing
 M - 10 potions of berserk rage
 S - 4 potions of magic
 W - 5 potions of agility
Miscellaneous
 B - a phantom mirror
 Q - 2 boxes of beasts
 X - a lamp of fire
Comestibles
 f - 107 rations
 G - 3 chunks of flesh


   Skills:
 O Level 27 Fighting
   Level 0.3 Short Blades
 - Level 25.3 Polearms
 * Level 21.6 Throwing
 + Level 23.1 Armour
 - Level 10.0 Dodging
 - Level 2.6 Stealth
 - Level 14.0 Shields
 - Level 14.2 Spellcasting
 - Level 10.8 Charms
 - Level 16.6 Necromancy
 - Level 8.9 Transmutations
 - Level 13.3 Earth Magic
   Level 10.0 Invocations
 * Level 11.7 Evocations


You had 37 spell levels left.
You knew the following spells:

 Your Spells              Type           Power        Failure   Level  Hunger
a - Song of Slaying       Chrm           ######..     3%          2    None
b - Apportation           Tloc           ###...       58%         1    None
c - Regeneration          Chrm/Necr      ######....   2%          3    None
d - Passwall              Tmut/Erth      ######..     3%          2    None
e - Borgnjor's Vile Clut  Necr/Erth      ######....   8%          5    #####..
f - Animate Dead          Necr           N/A          2%          4    ##.....

Your spell library contained the following spells:

 Spells                   Type           Power        Failure   Level  Hunger
 Animate Skeleton         Necr           N/A          1%          1    None
 Pain                     Necr           ####         1%          1    None
 Sandblast                Erth           ######       1%          1    None
 Sublimation of Blood     Necr           ######....   1%          2    None
 Vampiric Draining        Necr           ######....   1%          3    None
 Infusion                 Chrm           ####         2%          1    None
 Beastly Appendage        Tmut           ######       4%          1    None
 Agony                    Necr           ######..     4%          5    #####..
 Sticks to Snakes         Tmut           ######..     6%          2    None
 Petrify                  Tmut/Erth      ######..     12%         4    ##.....
 Lee's Rapid Deconstruct  Erth           ######....   13%         5    #####..
 Shroud of Golubria       Chrm/Tloc      #####.       17%         2    None
 Swiftness                Chrm/Air       #####...     17%         2    None
 Stone Arrow              Conj/Erth      #####.       19%         3    None
 Ozocubu's Armour         Chrm/Ice       #####...     28%         3    None
 Spectral Weapon          Hex/Chrm       #####...     28%         3    None
 Spider Form              Tmut/Pois      #####.....   38%         3    None
 Leda's Liquefaction      Hex/Erth       #####.....   45%         4    ##.....
 Blade Hands              Tmut           ######....   50%         5    #####..
 Ignite Poison            Fire/Tmut/Pois ####....     54%         3    None
 Confusing Touch          Hex            ###...       58%         1    None
 Corona                   Hex            ###....      58%         1    None
 Flame Tongue             Conj/Fire      ###..        58%         1    None
 Magic Dart               Conj           ###.         58%         1    None
 Shock                    Conj/Air       ###.         58%         1    None
 Summon Butterflies       Summ           ###.....     58%         1    None
 Summon Small Mammal      Summ           ###.         58%         1    None
 Blink                    Tloc           N/A          73%         2    None
 Call Imp                 Summ           ###.....     73%         2    None
 Ensorcelled Hibernation  Hex/Ice        ###...       73%         2    None
 Searing Ray              Conj           ###...       73%         2    None
 Slow                     Hex            ###.....     73%         2    None
 Throw Flame              Conj/Fire      ###...       73%         2    None
 Ice Form                 Ice/Tmut       #####...     73%         4    ##.....
 Statue Form              Tmut/Erth      ######...    73%         6    ######.
 Call Canine Familiar     Summ           ###.....     90%         3    None
 Confuse                  Hex            ###.....     90%         3    None
 Conjure Flame            Conj/Fire      ###.....     90%         3    None
 Dazzling Spray           Conj/Hex       ###...       90%         3    None
 Gell's Gravitas          Tloc           ###.......   90%         3    None
 Inner Flame              Hex/Fire       ###.....     90%         3    None
 Lesser Beckoning         Tloc           ###.......   90%         3    None
 Mephitic Cloud           Conj/Pois/Air  ###.....     90%         3    None
 Portal Projectile        Hex/Tloc       ###...       90%         3    None
 Recall                   Summ/Tloc      N/A          90%         3    None
 Summon Guardian Golem    Hex/Summ       ###.....     90%         3    None
 Teleport Other           Tloc           ###.....     90%         3    None
 Tukima's Dance           Hex            ###.....     90%         3    None
 Iskenderun's Battlesphe  Conj/Chrm      #####...     90%         5    #####..
 Hydra Form               Tmut           ######....   95%         6    ######.
 Alistair's Intoxication  Tmut/Pois      #####...     96%         5    #####..
 Bolt of Magma            Conj/Fire/Erth #####.....   96%         5    #####..
 Irradiate                Conj/Tmut      #####.....   96%         5    #####..
 Yara's Violent Unravell  Hex/Tmut       #####.....   96%         5    #####..
 Simulacrum               Ice/Necr       ######....   97%         6    ######.
 Cause Fear               Hex            ###.......   99%         4    ##.....
 Force Lance              Conj/Tloc      ###.....     99%         4    ##.....
 Fulminant Prism          Conj/Hex       ###.......   99%         4    ##.....
 Iskenderun's Mystic Bla  Conj           ###.....     99%         4    ##.....
 Olgreb's Toxic Radiance  Pois           ###.....     99%         4    ##.....
 Passage of Golubria      Tloc           N/A          99%         4    ##.....
 Summon Ice Beast         Ice/Summ       ###.....     99%         4    ##.....
 Summon Lightning Spire   Summ/Air       ###.....     99%         4    ##.....
 Iron Shot                Conj/Erth      #####.....   99%         6    ######.
 Borgnjor's Revivificati  Necr           ######....   99%         8    #######
 Infestation              Necr           ######....   99%         8    #######
 Aura of Abjuration       Summ           ###.......   100%        5    #####..
 Fireball                 Conj/Fire      ###.......   100%        5    #####..
 Metabolic Englaciation   Hex/Ice        ###.......   100%        5    #####..
 Silence                  Hex/Air        ###.......   100%        5    #####..
 Summon Demon             Summ           ###.......   100%        5    #####..
 Summon Forest            Summ/Tloc      ###.......   100%        5    #####..
 Summon Mana Viper        Hex/Summ       ###.....     100%        5    #####..
 Bolt of Cold             Conj/Ice       ###.......   100%        6    ######.
 Bolt of Fire             Conj/Fire      ###.......   100%        6    ######.
 Conjure Ball Lightning   Conj/Air       ###.......   100%        6    ######.
 Darkness                 Hex            ###.......   100%        6    ######.
 Deflect Missiles         Chrm/Air       #####.....   100%        6    ######.
 Dispersal                Tloc           ###.......   100%        6    ######.
 Invisibility             Hex            ###.....     100%        6    ######.
 Shadow Creatures         Summ           N/A          100%        6    ######.
 Dragon Form              Tmut           ######....   100%        7    #######
 Haunt                    Necr/Summ      ######....   100%        7    #######
 Malign Gateway           Summ/Tloc      ###.......   100%        7    #######
 Ring of Flames           Chrm/Fire      #####.....   100%        7    #######
 Death's Door             Chrm/Necr      ######....   100%        8    #######
 Discord                  Hex            ###.......   100%        8    #######
 Necromutation            Tmut/Necr      ######....   100%        8    #######
 Dragon's Call            Summ           ###.......   100%        9    #######
 Shatter                  Erth           ######....   100%        9    #######
 Tornado                  Air            ###.......   100%        9    #######


Dungeon Overview and Level Annotations

Branches:
Dungeon (15/15)            Temple (1/1) D:4            Lair (6/6) D:8
  Swamp (4/4) Lair:4       Spider (4/4) Lair:2        Slime (5/5) Lair:5
    Orc (2/2) D:10            Elf (3/3) Orc:2        Vaults (5/5) D:14
  Crypt (3/3) Vaults:2       Tomb (0/3) Crypt:3      Depths (5/5) D:15
   Hell (visited)             Dis (0/7) Hell            Geh (7/7) Hell
    Coc (7/7) Hell            Tar (7/7) Hell            Zot (2/5) Depths:5
 Bailey (visited)         Volcano (visited)          WizLab (visited)
Desolation (visited)      Gauntlet (visited)

Altars:
Ashenzari
Cheibriados
Dithmenos
Elyvilon
Fedhas
Gozag
Hepliaklqana
Kikubaaqudgha
Makhleb
Nemelex Xobeh
Okawaru
Qazlal
Ru
Sif Muna
Trog
Uskayaw
Vehumet
Wu Jian
Xom
Yredelemnul
Zin
The Shining One
Jiyva

Shops:
D:10 *   D:14 *   Orc:1 :   Orc:2 *:([   Elf:2 [   Elf:3 }   Depths:1 :
Depths:4 *[=   Depths:5 =}=

Portals:
Hell: Depths:1 Depths:2 Depths:3 Depths:4 Depths:5
Abyss: Depths:4 Depths:5
Pandemonium: Depths:3
Ziggurat: Depths:5

Annotations:
D:3 2 transporters, Mame's ghost, amateur HOMo
D:5 exclusion: 2 downstairs
D:7 exclusion: downstairs
D:10 exclusion: downstairs
D:11 exclusion: downstairs
D:13 exclusion: downstairs
D:14 exclusion: downstairs
Lair:4 exclusion: downstairs
Swamp:2 exclusion: downstairs
Spider:2 exclusion: 2 downstairs
Spider:3 exclusion: 2 downstairs
Slime:5 Royal Jelly
Elf:2 Weecu's ghost, adept VSFi
Depths:2 exclusion: downstairs
Geh:7 Asmodeus
Coc:7 exclusion: ice statue
Abyss:1 Okharo's ghost, veteran MiBe


Innate Abilities, Weirdness & Mutations

You have hooves in place of feet.
Armour fits poorly on your strangely shaped body.
You cover ground very quickly.
You have extremely tough skin. (AC +3)
You are partially covered in iridescent scales. (AC +2)
You are partially covered in rugged brown scales. (AC +1, +3% HP)
You are partially covered in thin metallic scales. (AC +2)
You are agile. (Dex +2)
Your mind is acute. (Int +2)
Your flesh is heat resistant. (rF+)
You have an increased reservoir of magic. (+10% MP)
You passively map a small area around you.
Your spells are harder to cast, but more powerful.
You have acidic saliva.
Your rubbery body absorbs attacks. (AC +1, EV +1)
Your translucent skin slightly reduces your foes' accuracy. (Stealth)
You evolve.


Message History

You are too injured to fight recklessly!
You are too injured to fight recklessly!
Unknown command.
Your gold dragon scales prevents you from hitting the Killer Klown.
Your bite misses the Killer Klown.
The Killer Klown throws klown pie at you.
The klown pie hits you!!
Lemon!
You feel unable to drink.
The black draconian shifter blinks!
The red draconian hits you but does no damage.
The electric golem blinks!
The black draconian breathes lightning at you.
The bolt of lightning hits you!
* * * LOW HITPOINT WARNING * * *
The bolt of lightning hits you!!
* * * LOW HITPOINT WARNING * * *
The bolt of lightning hits the black draconian.
The black draconian completely resists.
The electric golem hurls lightning at you.
The bolt of lightning hits you!!!
You die...

....#
#..........##..≈≈#,,
....#
#.......○..##..≈≈# ,
, ,*
#.......°☼.##..≈≈#,,
#####<##°#.##..≈≈#,
####☼#.# ..≈≈# , ,
#☼#.# ..≈≈≈ , , ,
####.#.# ≈ ,,
#)§..#.# ≈≈≈ ≈* ,
######@####.# ≈ ≈ ,
, * #...pdd.....# ,
≈≈ , ,,
*#...§d......# , ≈ ≈
, ,
,............§.#* ≈≈
, ≈ ≈§§..§........#
, ≈ ≈ * ,
§§≈≈≈........8#
≈≈§≈≈≈≈......... ≈ ≈
, ,
§≈§≈≈≈≈q......##, ≈≈
, ,
,,,..§.§8........#
,,


You could see a Killer Klown, an electric golem, a black draconian, a yellow
draconian, a red draconian and a black draconian shifter.

Vanquished Creatures
  Mennas (Abyss:1)
  2 ancient liches
  2 juggernauts
  Bai Suzhen (Abyss:1)
  Margery (Abyss:1)
  28 shard shrikes
  Xtahua (Depths:5)
  Saint Roka (Orc:2)
  Geryon (Hell)
  6 caustic shrikes (Depths:5)
  Nikola (Spider:1)
  5 golden dragons
  30 Tzitzimimeh
  An electric golem (Zot:1)
  10 bone dragons
  14 doom hounds
  2 hellephants
  A Hellbinder (WizLab)
  9 tentacled monstrosities
  12 Brimstone Fiends
  12 liches
  11 Ice Fiends
  3 Hell Sentinels
  4 titans (Vaults:5)
  3 quicksilver dragons
  2 deep elf blademasters (Elf:3)
  3 deep elf master archers (Elf:3)
  A kraken (Abyss:1)
  3 death cobs
  An eldritch tentacle (Geh:3)
  3 sphinxes
  2 Executioners
  3 ancient champions
  62 tentacled starspawn
  Donald (Vaults:1)
  Kirke (Swamp:4)
  3 tengu reavers (Vaults:5)
  2 storm dragons
  A thorn hunter (Swamp:2)
  10 shadow dragons
  3 draconian monks
  21 fire giants
  A nagaraja (Depths:5)
  9 revenants
  13 frost giants
  The ghost of Wenkied the Fighter, a journeyman HONe of Trog (D:14)
  9 deep elf sorcerers
  19 balrugs
  2 draconian knights
  3 iron dragons
  5 draconian scorchers
  5 ghost moths
  3 orc warlords
  15 vault wardens
  2 imperial myrmidons (Desolation)
  Aizul (Abyss:1)
  An angel (Abyss:1)
  8 ghouls
  4 draconian shifters
  2 curse skulls
  An emperor scorpion (shapeshifter) (Vaults:5)
  2 draconian stormcallers
  12 ironheart preservers
  4 emperor scorpions
  5 cacodemons
  40 reapers
  6 deep elf elementalists
  5 spriggan defenders
  34 very ugly things
  A war gargoyle (Vaults:5)
  4 draconian annihilators
  3 entropy weavers
  2 elemental wellsprings
  9 deep elf demonologists
  6 vampire knights
  21 stone giants
  8 green draconians
  11 deep elf annihilators
  6 lorocyprocas
  5 black draconians
  A halazid warlock (Desolation)
  7 red draconians
  6 white draconians
  4 yellow draconians
  A spectral quicksilver dragon (Crypt:1)
  8 spark wasps
  A minotaur (Gauntlet)
  10 purple draconians
  7 blizzard demons
  4 eidola
  19 deep elf death magi
  14 ettins
  7 green deaths
  2 crystal guardians
  3 quicksilver dragon zombies
  6 ragged hierophants (Desolation)
  9 jiangshi
  Josephine (Orc:1)
  10 ogre magi
  12 fire dragons
  11 quicksilver dragon skeletons
  11 yaktaur captains
  Harold (D:11)
  Erolcha (D:12)
  9 deep elf high priests
  5 servants of whispers
  13 great orbs of eyes
  14 rakshasas
  7 naga warriors
  20 ice dragons
  36 vault guards
  A monstrous demonspawn (Depths:3)
  4 peacekeepers
  10 ghost crabs
  27 hydras
  Erica (D:11)
  5 spriggan air magi
  A catoblepas (Lair:1)
  A hell beast (WizLab)
  5 anacondas (Depths:5)
  30 two-headed ogres
  7 centaur warriors
  An alligator (shapeshifter) (Depths:1)
  10 death yaks
  12 death knights
  26 dancing weapons
  A death yak (shapeshifter) (Vaults:2)
  8 death scarabs (Spider:4)
  17 alligators
  11 vampire magi
  6 deep troll shamans
  4 titan zombies
  57 hell hogs
  6 tengu warriors
  9 deep troll earth magi
  2 spriggan berserkers (Depths:4)
  97 small abominations
  20 deep elf knights
  66 thrashing horrors
  5 orc high priests
  A shock serpent (shapeshifter) (Depths:1)
  An iron troll (shapeshifter) (Vaults:5)
  20 sun demons
  2 storm dragon zombies
  A salamander mystic (Depths:3)
  40 wretched stars
  4 iron trolls
  15 soul eaters
  22 shadow wraiths
  6 storm dragon skeletons
  Nergalle (D:12)
  3 titan skeletons
  12 sixfirhies
  A fire crab (shapeshifter) (Depths:1)
  27 deep trolls
  134 skeletal warriors
  14 spatial maelstroms
  74 hell knights
  A spectral ghost moth (Crypt:3)
  23 unseen horrors
  10 glowing orange brains
  A spectral anaconda (Crypt:3)
  7 death drakes
  16 flayed ghosts
  2 spriggan druids (Swamp:4)
  An entropy weaver zombie (Crypt:3)
  26 shadow demons
  A ghost moth zombie (Hell)
  14 anaconda zombies
  3 golden dragon zombies
  5 golden dragon skeletons
  44 phantasmal warriors
  A spectral hydra (Crypt:1)
  12 swamp dragons
  16 deep elf archers
  13 anaconda skeletons
  12 orc knights
  3 lindwurms
  21 ironbrand convokers
  A kraken simulacrum (Coc:6)
  The ghost of Mithandil the Destroyer, a novice TeCj (D:6)
  30 necromancers
  3 spectral wolf spiders
  4 shadow dragon zombies
  2 harpies (shapeshifter)
  3 wizards
  5 wolf spider zombies
  4 orc sorcerers
  16 orb spiders
  4 mana vipers
  6 iron dragon zombies
  9 fire giant zombies
  8 stone giant zombies
  3 tengu skeletons
  69 deep elf magi
  A spectral ettin (Crypt:3)
  41 wolf spiders
  11 frost giant zombies
  13 moths of wrath
  5 oklob plants (Lair:3)
  3 salamanders (Depths:3)
  2 manticores
  4 shadow dragon skeletons
  19 worldbinders
  A salamander (shapeshifter) (D:13)
  7 dire elephant zombies
  A centaur zombie (D:14)
  8 fire giant skeletons
  5 iron dragon skeletons
  3 guardian serpents (shapeshifter) (Abyss:3)
  2 shock serpent zombies
  4 human skeletons
  48 ugly things
  11 vault sentinels
  2 cyclopes
  A toenail golem (Abyss:3)
  10 guardian serpents
  3 naga magi
  13 rust devils
  Joseph (D:7)
  14 black mambas
  7 molten gargoyles
  A titan simulacrum (Tar:3)
  9 frost giant skeletons
  70 smoke demons
  12 torpor snails
  14 orange demons
  7 apocalypse crabs
  7 stone giant skeletons
  18 spiny frogs
  3 gargoyles
  An ice statue (D:9)
  5 dire elephant skeletons
  A spiny frog (shapeshifter) (Vaults:5)
  2 rime drakes (shapeshifter)
  3 shock serpent skeletons
  2 centaur skeletons
  4 spectral redbacks (Spider:4)
  A minotaur zombie (Abyss:1)
  55 yaktaurs
  4 catoblepas zombies
  23 efreet
  2 redback zombies
  33 hellions
  36 ice devils
  2 yaktaurs (shapeshifter) (Vaults:5)
  A komodo dragon (shapeshifter) (Vaults:1)
  2 rime drakes
  11 komodo dragons
  A yaktaur skeleton (Vaults:3)
  46 tormentors
  50 freezing wraiths
  4 kobold demonologists
  7 anaconda simulacra
  2 silent spectres
  A ghost moth simulacrum (Abyss:4)
  19 hellwings
  A minotaur skeleton (Abyss:4)
  33 red devils
  16 demonic crawlers
  A troll (shapeshifter) (Elf:2)
  3 tengu conjurers
  A purple draconian skeleton (Crypt:3)
  46 ancient zymes
  30 hydra zombies
  3 jumping spiders (shapeshifter)
  2 catoblepas skeletons
  57 jumping spiders
  6 trolls
  5 polar bears
  A queen bee (shapeshifter) (Abyss:1)
  2 hornets (shapeshifter)
  A wind drake (shapeshifter) (Depths:1)
  2 spectral tarantellas (Spider:4)
  2 spectral jumping spiders
  2 shadow dragon simulacra
  2 sphinx simulacra (Vaults:3)
  35 hornets
  100 raiju
  2 wolf spider simulacra
  8 tyrant leeches
  9 ettin zombies
  3 harpy zombies
  A jumping spider zombie (Spider:4)
  11 blink frogs
  13 hydra skeletons
  19 slime creatures
  An iron dragon simulacrum (Coc:6)
  47 saltlings (Desolation)
  2 tarantella zombies (Spider:4)
  7 harpy skeletons
  2 stone giant simulacra
  A dream sheep (shapeshifter) (Abyss:1)
  18 bog bodies
  8 alligator zombies
  2 fire giant simulacra
  A raiju (shapeshifter) (Vaults:2)
  15 fire dragon zombies
  9 dream sheep
  5 ice dragon zombies
  A shock serpent simulacrum (Coc:2)
  A satyr zombie (Crypt:1)
  5 hippogriffs
  199 flying skulls
  A hippogriff (shapeshifter) (Vaults:4)
  6 vampires
  Sigmund (D:6)
  5 ice dragon skeletons
  21 water elementals
  6 fire dragon skeletons
  12 spriggans
  13 ettin skeletons
  9 wyverns
  A spriggan (shapeshifter) (Vaults:4)
  10 air elementals
  4 black mamba zombies
  72 shadows
  33 tarantellas
  67 redbacks
  A human (shapeshifter) (Vaults:1)
  5 alligator skeletons
  A dire elephant simulacrum (Abyss:1)
  60 wraiths
  A guardian serpent skeleton (Crypt:1)
  A tarantella (shapeshifter) (Vaults:1)
  2 basilisks (shapeshifter) (Depths:2)
  8 basilisks
  16 fire bats
  35 ynoxinuls
  3 hogs (Swamp:4)
  8 black mamba skeletons
  2 hogs (shapeshifter)
  A golden eye (shapeshifter) (Abyss:1)
  46 fire elementals
  8 humans (D:14)
  52 yaks
  16 hungry ghosts
  126 large abominations
  18 vampire mosquitoes
  Grum (D:8)
  25 neqoxecs
  A catoblepas simulacrum (Abyss:4)
  26 chaos spawn
  2 yaktaur simulacra
  A steam dragon (D:7)
  A harpy simulacrum (Coc:6)
  23 swamp worms
  28 insubstantial wisps
  8 wargs
  38 spatial vortices
  Edmund (D:5)
  Menkaure (D:6)
  15 spiny frog zombies
  5 human zombies
  2 hydra simulacra
  An acid dragon (Vaults:1)
  An infernal demonspawn skeleton (Coc:1)
  3 soldier ants
  3 merfolk zombies
  A spectral hornet (Spider:4)
  13 nagas
  15 swamp drakes
  96 hell hounds
  A floating eye (shapeshifter) (Vaults:1)
  32 water moccasins
  4 spiny frog skeletons
  8 porcupines
  3 black bears
  4 elf zombies
  An eye of draining (shapeshifter) (Elf:3)
  A merfolk skeleton (Coc:2)
  57 orc warriors
  19 ice beasts
  A black bear (shapeshifter) (Vaults:3)
  3 hornet zombies
  2 ettin simulacra
  9 sky beasts
  2 orc zombies
  2 alligator simulacra
  6 snapping turtle zombies
  9 boggarts
  3 fire dragon simulacra
  2 swamp dragon zombies
  2 manticore zombies
  14 phantoms
  6 snapping turtle skeletons
  164 starcursed masses
  42 necrophages
  2 boggarts (shapeshifter) (Abyss:1)
  45 ogres
  A blink frog skeleton (Crypt:2)
  A manticore skeleton (Tar:7)
  10 wolves
  35 centaurs
  15 crocodiles
  15 big kobolds
  17 bullfrogs
  An elf skeleton (Geh:1)
  5 earth elementals
  A draconian skeleton (Crypt:3)
  4 spiny frog simulacra
  A water moccasin zombie (Crypt:2)
  3 scorpions
  2 troll zombies
  2 snapping turtle simulacra
  7 killer bees
  2 spriggan zombies
  183 wights
  A raiju skeleton (Crypt:2)
  2 troll skeletons
  A polar bear skeleton (Crypt:2)
  2 electric eels (D:14)
  2 howler monkeys
  18 crimson imps
  17 quasits
  2 bullfrog zombies
  2 human simulacra
  8 orc priests
  9 hounds
  8 jellies
  20 orc wizards
  3 bullfrog skeletons
  Crazy Yiuf (D:2)
  A gnoll shaman (Orc:1)
  19 iron imps
  4 iguanas
  Natasha (thrice) (D:2)
  17 hell rats
  11 worker ants
  An ogre zombie (Geh:1)
  A tengu zombie (Geh:2)
  A centaur simulacrum (Abyss:1)
  2 naga skeletons
  An ogre skeleton (Tar:4)
  A hound skeleton (D:11)
  6 mummies
  A worker ant zombie (D:10)
  Robin (D:3)
  19 adders
  5 gnolls
  A swamp drake zombie (Crypt:1)
  21 shadow imps
  41 white imps
  14 ufetubi
  An ooze (D:5)
  An adder zombie (D:8)
  3 adder skeletons
  An iguana skeleton (Crypt:1)
  5 worms
  6 leopard geckos
  86 orcs
  5 giant cockroaches
  19 goblins
  11 hobgoblins
  10 jackals
  8 quokkas
  4 ball pythons (Depths:5)
  8 bats
  8 frilled lizards
  4 jackal skeletons
  A jackal zombie (D:5)
  41 kobolds
  2 kobold skeletons
  A kobold zombie (Geh:6)
  2 leopard gecko skeletons (D:5)
  3 orc skeletons
  A quokka skeleton (Crypt:1)
  8 rats
  A spectral orc (Crypt:3)
  A bush (Lair:4)
  4 crawling corpses (Elf:3)
  2 fire vortices
  13 lurking horrors
  3 plants
  70 starspawn tentacles
  6 tentacles
5837 creatures vanquished.

Vanquished Creatures (collateral kills)
  the Lernaean hydra (Swamp:4)
  3 Tzitzimimeh
  A shadow dragon (Tar:5)
  A hell hog (Geh:6)
  3 thrashing horrors
  An anaconda zombie (Coc:1)
  An orb spider (Spider:2)
  An ice devil (Coc:7)
  2 tormentors
  3 demonic crawlers (Spider:2)
  An ettin zombie (Coc:2)
  An ice dragon zombie (Coc:4)
  A harpy skeleton (Geh:6)
  A bog body (Coc:7)
  2 flying skulls (Tar:3)
  A shadow (Tar:2)
  A large abomination (Abyss:3)
  A manticore zombie (Geh:6)
  A mummy (Coc:1)
  2 fungi (Swamp:4)
29 creatures vanquished.

Vanquished Creatures (others)
  The ghost of Zaowoih the Warrior, a veteran GrFi of the Shining One (Crypt:3)
  A shard shrike (Coc:5)
  2 caustic shrikes (Depths:5)
  A golden dragon (Zot:1)
  6 bone dragons
  A Tzitzimitl (Tar:3)
  4 doom hounds
  2 Brimstone Fiends (Geh:7)
  4 Ice Fiends
  5 liches
  3 tentacled monstrosities
  Asterion (Elf:1)
  4 tentacled starspawn
  8 eldritch tentacles
  An ancient champion (Hell)
  4 shadow dragons
  A storm dragon (Vaults:5)
  4 tengu reavers
  A revenant (Crypt:3)
  2 nagarajas (Depths:5)
  4 fire giants
  An imperial myrmidon (Desolation)
  An iron dragon (Depths:5)
  4 vault wardens
  A ghost moth (Zot:1)
  4 balrugs
  3 ghouls
  A draconian shifter (Zot:1)
  A deep elf elementalist (Elf:3)
  An angel (Abyss:1)
  2 draconian annihilators
  4 reapers
  An elemental wellspring (Coc:5)
  8 very ugly things
  5 ironheart preservers
  6 stone giants
  A lorocyproca (Abyss:2)
  A green draconian (Zot:1)
  2 deep elf annihilators (Elf:3)
  2 white draconians
  A yellow draconian (Abyss:1)
  A red draconian (Zot:1)
  A blizzard demon (Coc:2)
  2 crystal guardians
  A deep elf death mage (Vaults:5)
  2 ettins (Vaults:5)
  A fire dragon (Depths:2)
  8 great orbs of eyes
  5 yaktaur captains
  A kraken zombie (Coc:3)
  3 ice dragons
  2 great orbs of eyes (shapeshifter) (Abyss:3)
  2 servants of whispers (Desolation)
  4 quicksilver dragon zombies
  2 vault guards
  A hell beast (WizLab)
  2 quicksilver dragon skeletons
  A peacekeeper (Desolation)
  3 rakshasas (Depths:4)
  A ghost crab (Tar:3)
  2 naga warriors (Depths:5)
  2 centaur warriors
  2 dancing weapons (Elf:2)
  A deep troll shaman (Depths:4)
  2 two-headed ogres
  5 ogre magi
  A vampire mage (Tar:1)
  11 hell hogs
  2 tengu warriors (Depths:2)
  A soul eater (Hell)
  2 sun demons
  3 thrashing horrors
  2 titan zombies
  2 deep elf knights
  3 titan skeletons
  2 iron golems (Hell)
  A storm dragon zombie (Geh:1)
  A fire crab (shapeshifter) (Abyss:4)
  6 glowing orange brains
  A fire crab (Geh:4)
  A shadow wraith (Crypt:3)
  15 skeletal warriors
  A spatial maelstrom (Abyss:3)
  5 wretched stars (Abyss:1)
  3 storm dragon skeletons
  2 shadow demons (Tar:2)
  2 iron trolls
  3 deep trolls
  3 golden dragon zombies
  An anaconda zombie (Tar:5)
  12 hell knights
  4 deep elf archers
  A tengu zombie (Vaults:4)
  3 shadow dragon zombies
  2 ironbrand convokers
  A lindwurm (Depths:5)
  A golden dragon skeleton (Geh:2)
  6 phantasmal warriors
  3 anaconda skeletons
  7 deep elf magi
  An iron dragon zombie (Geh:7)
  2 wolf spider zombies
  2 necromancers
  An orc knight (Vaults:3)
  A wolf spider (Spider:1)
  An orc sorcerer (Elf:1)
  5 stone giant zombies
  A shining eye (shapeshifter) (Abyss:5)
  2 shining eyes
  A wolf spider (shapeshifter) (Vaults:5)
  2 shadow dragon skeletons
  A cyclops (Vaults:1)
  A moth of wrath (Zot:2)
  5 worldbinders
  6 ugly things
  An iron dragon skeleton (Tar:4)
  3 dire elephant zombies
  5 fire giant zombies
  3 frost giant zombies
  3 stone giant skeletons
  A frost giant skeleton (Geh:6)
  2 vault sentinels
  2 eyes of devastation (Abyss:1)
  An apocalypse crab (Abyss:1)
  2 rust devils
  4 hellions
  An orange demon (Abyss:1)
  An ice devil (Coc:7)
  2 freezing wraiths
  6 yaktaurs
  An efreet (Geh:4)
  A hellwing (Abyss:1)
  2 red devils
  2 ancient zymes
  6 tormentors
  A silent spectre (Abyss:1)
  A harpy zombie (Geh:7)
  A slime creature (Abyss:4)
  2 hydra zombies
  A troll (D:13)
  A harpy skeleton (Tar:1)
  4 saltlings (Desolation)
  4 raiju
  A fire dragon zombie (Geh:2)
  2 bog bodies
  An ettin zombie (Geh:3)
  3 alligator zombies
  8 large abominations
  A stone giant simulacrum (Crypt:1)
  3 hydra skeletons
  An ice dragon zombie (Tar:3)
  9 flying skulls
  4 starcursed masses
  3 shadows
  2 ettin skeletons
  A fire dragon skeleton (Coc:5)
  2 redbacks
  A water elemental (Elf:1)
  A human (D:14)
  An alligator skeleton (Coc:1)
  6 wraiths
  2 ynoxinuls
  A basilisk (shapeshifter) (Abyss:5)
  A yak (D:11)
  A fire bat (Abyss:1)
  3 fire elementals
  A hungry ghost (Coc:3)
  16 golden eyes
  A golden eye (shapeshifter) (Abyss:2)
  A spatial vortex (Abyss:4)
  A faun zombie (Crypt:3)
  A neqoxec (Abyss:5)
  A warg (shapeshifter) (Abyss:5)
  A warg (Vaults:2)
  2 spiny frog zombies
  A floating eye (shapeshifter) (Abyss:2)
  A merfolk skeleton (Geh:6)
  A swamp drake (Abyss:4)
  5 hell hounds
  3 snapping turtle zombies
  2 necrophages (Tar:3)
  2 manticore zombies
  A fire dragon simulacrum (Coc:2)
  2 ogres
  14 eyes of draining
  A snapping turtle skeleton (Coc:6)
  6 small abominations
  An elf skeleton (Coc:2)
  11 wights
  278 jellies
  6 quasits
  2 human skeletons
  An adder (Depths:5)
  An ooze (Abyss:4)
  3 shadow imps
  A white imp (Coc:6)
  3 ufetubi
  A quokka (D:15)
  2 bushes
  4 crawling corpses (Elf:3)
  4 demonic plants (Abyss:4)
  61 fungi
  5 lurking horrors
  59 plants
  100 starspawn tentacles
  8 tentacles
  4 withered plants
1054 creatures vanquished.

Grand Total: 6920 creatures vanquished

Notes
Turn   | Place    | Note
-------+----------+-------------------------------------------
     0 | D:1      | Arang the Centaur Hunter began the quest for the Orb.
     0 | D:1      | Reached XP level 1. HP: 17/17 MP: 1/1
   351 | D:1      | Reached XP level 2. HP: 22/24 MP: 2/2
   536 | D:1      | Reached skill level 5 in Throwing
   909 | D:2      | Reached XP level 3. HP: 29/29 MP: 3/3
   931 | D:2      | Noticed Natasha
   936 | D:2      | Killed Natasha
  1128 | D:2      | Noticed Natasha
  1139 | D:2      | Killed Natasha
  1139 | D:2      | Reached XP level 4. HP: 21/36 MP: 4/4
  1268 | D:2      | Noticed Natasha
  1279 | D:2      | Killed Natasha
  1279 | D:2      | Reached skill level 1 in Armour
  2072 | D:2      | Found a runed translucent door.
  2073 | D:2      | Noticed Crazy Yiuf
  2112 | D:2      | Killed Crazy Yiuf
  2112 | D:2      | Reached XP level 5. HP: 42/42 MP: 5/5
  2455 | D:3      | Noticed Mame's ghost (amateur HOMo)
  2461 | D:3      | Noticed Robin
  2489 | D:3      | Killed Robin
  2526 | D:3      | Found a transporter.
  2672 | D:3      | Found a transporter.
  3054 | D:3      | Reached XP level 6. HP: 47/50 MP: 6/6
  3114 | D:4      | Found a staircase to the Ecumenical Temple.
  3169 | Temple   | Entered the Ecumenical Temple
  3363 | Temple   | Became a worshipper of Dithmenos the Shadowed
  4290 | D:5      | Entered Level 5 of the Dungeon
  4553 | D:5      | Reached * piety under Dithmenos
  4597 | D:5      | Noticed a sky beast
  4614 | D:5      | Killed a sky beast
  4614 | D:5      | Reached skill level 3 in Fighting
  4614 | D:5      | Reached skill level 1 in Polearms
  4614 | D:5      | Reached skill level 1 in Stealth
  4614 | D:5      | Reached XP level 7. HP: 22/57 MP: 7/7
  4943 | D:5      | Noticed Edmund
  4972 | D:5      | Killed Edmund
  4972 | D:5      | Reached skill level 1 in Shields
  5350 | D:5      | Reached XP level 8. HP: 63/63 MP: 8/8
  5395 | D:5      | Found a bloodstained altar of Trog.
  5465 | D:5      | Noticed an angel
  5466 | D:5      | Found a glowing silver altar of Zin.
  5734 | D:6      | Noticed Sigmund
  5865 | D:6      | Found an ancient bone altar of Kikubaaqudgha.
  5945 | D:6      | Reached ** piety under Dithmenos
  6112 | D:6      | Found a runed translucent door.
  6116 | D:6      | Found a white marble altar of Elyvilon.
  6572 | D:6      | Noticed Mithandil's ghost (novice TeCj)
  6750 | D:6      | Noticed Menkaure
  6757 | D:6      | Killed Menkaure
  6757 | D:6      | Reached skill level 4 in Fighting
  6876 | D:6      | Killed Sigmund
  6876 | D:6      | Reached XP level 9. HP: 47/71 MP: 9/9
  7247 | D:7      | Reached skill level 10 in Throwing
  7930 | D:7      | Reached skill level 1 in Invocations
  7946 | D:7      | Noticed Joseph
  8010 | D:7      | Killed Joseph
  8010 | D:7      | Reached skill level 1 in Evocations
  8534 | D:8      | Noticed Grum
  8649 | D:8      | Found a sparkling altar of Nemelex Xobeh.
  8669 | D:8      | Found a shattered altar of Ashenzari.
  8678 | D:8      | Noticed a troll
  8738 | D:8      | Killed a troll
  8833 | D:8      | Reached skill level 5 in Polearms
  8833 | D:8      | Reached XP level 10. HP: 80/80 MP: 11/11
  8853 | D:8      | Killed Grum
  8963 | D:8      | Reached *** piety under Dithmenos
  9075 | D:8      | Found a blossoming altar of Fedhas.
  9317 | D:8      | Noticed a two-headed hydra
  9385 | D:8      | Killed a two-headed hydra
  9916 | D:8      | Found a staircase to the Lair.
 10265 | D:9      | Noticed an ice statue
 10278 | D:9      | Killed an ice statue
 10292 | D:9      | Noticed a two-headed ogre
 10327 | D:9      | Killed a two-headed ogre
 10674 | D:9      | Noticed a two-headed ogre
 10703 | D:9      | Reached XP level 11. HP: 85/85 MP: 14/14
 10704 | D:9      | Killed a two-headed ogre
 10773 | D:9      | Gained mutation: Your spells are a little harder to cast,
                  | but a little more powerful. [potion of mutation]
 10773 | D:9      | Gained mutation: You have supernaturally acute eyesight.
                  | (SInv) [potion of mutation]
 10773 | D:9      | Gained mutation: You are partially covered in icy blue
                  | scales. (AC +2) [potion of mutation]
 10773 | D:9      | Gained mutation: You are agile. (Dex +2) [potion of
                  | mutation]
 11014 | D:9      | Reached **** piety under Dithmenos
 11765 | D:10     | Entered Level 10 of the Dungeon
 11809 | D:9      | Reached skill level 5 in Invocations
 12529 | D:10     | Found Oleekup's Assorted Antiques.
 12550 | D:10     | Reached skill level 5 in Fighting
 12707 | D:10     | Reached skill level 5 in Armour
 13183 | D:10     | Found a staircase to the Orcish Mines.
 13210 | D:10     | Reached ***** piety under Dithmenos
 13585 | D:11     | Noticed Harold
 13613 | D:11     | Killed Harold
 13762 | D:11     | Noticed an unseen horror
 13778 | D:11     | Killed an unseen horror
 13793 | D:11     | Found a shadowy altar of Dithmenos.
 13855 | D:11     | Noticed Erica
 13876 | D:11     | Killed Erica
 14322 | D:11     | Reached XP level 12. HP: 94/94 MP: 16/16
 14485 | D:11     | Found a frozen archway.
 14729 | D:11     | Reached skill level 5 in Evocations
 14969 | D:12     | Noticed Erolcha
 14990 | D:12     | Killed Erolcha
 15061 | D:12     | Noticed a two-headed ogre
 15064 | D:12     | Noticed Nergalle
 15088 | D:12     | Found a flagged portal.
 15095 | Bailey   | Entered a bailey
 16385 | D:11     | Killed a two-headed ogre
 16744 | D:12     | Noticed a two-headed ogre
 16772 | D:12     | Killed a two-headed ogre
 16772 | D:12     | Reached skill level 6 in Fighting
 16835 | D:12     | Killed Nergalle
 16835 | D:12     | Reached skill level 15 in Throwing
 17124 | D:12     | Noticed a frost giant
 17212 | D:12     | Killed a frost giant
 17593 | D:13     | Noticed a centaur warrior
 17612 | D:13     | Killed a centaur warrior
 17612 | D:13     | Reached XP level 13. HP: 84/104 MP: 17/17
 17997 | D:13     | Reached ****** piety under Dithmenos
 18095 | D:13     | Reached skill level 7 in Fighting
 19418 | D:14     | Reached skill level 8 in Fighting
 19475 | D:14     | Found Laebiq's Serpentskin Sales.
 19503 | D:14     | Bought 6 curare-tipped darts for 50 gold pieces
 19503 | D:14     | Bought an uncursed ring of poison resistance for 280 gold
                  | pieces
 19503 | D:14     | Bought 5 curare-tipped darts for 42 gold pieces
 19514 | D:14     | You fall into a shaft and drop 1 floor!
 19514 | D:15     | Entered Level 15 of the Dungeon
 19584 | D:14     | Found a runed translucent door.
 19585 | D:14     | Noticed Wenkied's ghost (journeyman HONe)
 20331 | D:14     | Identified the +3 shield of the Many Spirits {Regen+ Dex+4
                  | Stlth-}
 20406 | D:14     | Found a gate to the Vaults.
 20583 | D:15     | Reached XP level 14. HP: 116/116 MP: 18/18
 20999 | D:15     | Found a white marble altar of Elyvilon.
 21379 | D:15     | Paralysed by an ogre mage for 4 turns
 21386 | D:15     | Reached skill level 9 in Fighting
 21673 | D:15     | Found a staircase to the Depths.
 21673 | D:15     | Noticed a fire giant
 21690 | D:15     | Killed a fire giant
 22216 | Lair:1   | Entered Level 1 of the Lair of Beasts
 22341 | Lair:1   | Reached skill level 5 in Shields
 23355 | Lair:2   | Found a stormy altar of Qazlal.
 23659 | Lair:2   | Found a hole to the Spider Nest.
 25262 | Lair:3   | Reached skill level 10 in Armour
 25939 | Lair:4   | Reached XP level 15. HP: 126/126 MP: 19/19
 26247 | Lair:4   | Reached skill level 10 in Fighting
 26340 | Lair:4   | Found a staircase to the Swamp.
 26944 | Lair:5   | Found a gate leading to a gauntlet.
 26950 | Gauntlet | Entered a Gauntlet
 26950 | Gauntlet | Found a transporter.
 26950 | Gauntlet | Found a transporter.
 26952 | Gauntlet | Found a transporter.
 26952 | Gauntlet | Found a transporter.
 26956 | Gauntlet | Found a transporter.
 26956 | Gauntlet | Found a transporter.
 26959 | Gauntlet | Found the ring of Shadows {Umbra +Inv Stlth+}
 26997 | Gauntlet | Found a transporter.
 26998 | Gauntlet | Found a transporter.
 27016 | Gauntlet | Found a transporter.
 27029 | Gauntlet | Found a transporter.
 27029 | Gauntlet | Found a transporter.
 27032 | Gauntlet | Found a runed translucent door.
 27033 | Gauntlet | Found a transporter.
 27168 | Lair:5   | Found a viscous altar of Jiyva.
 27168 | Lair:5   | Found a staircase to the Slime Pits.
 27182 | Lair:5   | Found a dark tunnel.
 27189 | Volcano  | Entered a volcano
 27347 | Volcano  | Identified the cursed +1 plate armour of the Blind Marksman
                  | {*Drain Int+4} (You found it in a volcano)
 27987 | Lair:5   | Reached skill level 10 in Polearms
 28313 | Lair:5   | Upgraded the game from 0.24-a0-615-g751f86b5a9 to
                  | 0.24-a0-616-ge2a249a6fd
 28351 | Lair:6   | Entered Level 6 of the Lair of Beasts
 29760 | Lair:6   | Found a runed translucent door.
 30198 | Lair:6   | Reached skill level 11 in Fighting
 30750 | Orc:1    | Entered Level 1 of the Orcish Mines
 30935 | Orc:2    | Entered Level 2 of the Orcish Mines
 30965 | Orc:2    | Found a staircase to the Elven Halls.
 31122 | Orc:2    | Noticed Saint Roka
 31200 | Orc:2    | Killed Saint Roka
 31340 | Orc:2    | Found Totreguo's Book Boutique.
 31356 | Orc:2    | Reached XP level 16. HP: 137/137 MP: 20/20
 31707 | Orc:2    | Found Wynaxox's Antique Weapon Shoppe.
 31764 | Orc:2    | Found Xyucw's Antique Armour Boutique.
 31774 | Orc:2    | Bought a spiked ring mail for 189 gold pieces
 31774 | Orc:2    | Identified the +5 ring mail of Music {rF- rC+ SInv} (You
                  | bought it in a shop on level 2 of the Orcish Mines)
 31865 | Orc:2    | Found Taceolec's General Store.
 32329 | Orc:2    | Bought a glowing trident for 182 gold pieces
 32358 | Orc:1    | Found Jorheiwn's Book Boutique.
 32583 | Orc:1    | Noticed Josephine
 32596 | Orc:1    | Killed Josephine
 33176 | Depths:1 | Entered Level 1 of the Depths
 33176 | Depths:1 | Found Ideotim's One-of-a-Kind Books.
 33502 | Spider:1 | Entered Level 1 of the Spider Nest
 33939 | Spider:1 | Noticed Nikola
 33957 | Spider:1 | Killed Nikola
 35181 | Spider:2 | Reached skill level 12 in Fighting
 35297 | Spider:2 | Identified the +4 glaive "Qauqigh" {freeze, *Slow rF++ rN+
                  | Stlth+} (You found it on level 2 of the Spider Nest)
 35760 | Spider:3 | Reached XP level 17. HP: 143/146 MP: 21/21
 35800 | Spider:3 | Reached skill level 10 in Shields
 36655 | Spider:4 | Entered Level 4 of the Spider Nest
 40403 | Spider:4 | Got a gossamer rune of Zot
 40668 | Swamp:1  | Entered Level 1 of the Swamp
 41354 | Swamp:1  | Reached skill level 13 in Fighting
 41571 | Swamp:2  | Reached XP level 18. HP: 143/157 MP: 22/22
 42922 | Swamp:3  | Identified the +1 ring mail of the Moon {*Corrode rPois
                  | Slay+5} (You found it on level 3 of the Swamp)
 43306 | Swamp:4  | Entered Level 4 of the Swamp
 44213 | Swamp:4  | Noticed Kirke
 44224 | Swamp:4  | Killed Kirke
 44363 | Swamp:4  | Noticed the 27-headed Lernaean hydra
 44366 | Swamp:4  | Killed the 27-headed Lernaean hydra
 44419 | Swamp:4  | Got a decaying rune of Zot
 45207 | Vaults:1 | Entered Level 1 of the Vaults
 45480 | Vaults:1 | Found a flickering gateway to a bazaar.
 45513 | Bazaar   | Entered a bazaar
 45513 | Bazaar   | Found Hunine's Weapon Boutique.
 45513 | Bazaar   | Found Huveqi's General Store.
 45513 | Bazaar   | Found Syolenud's Assorted Antiques.
 45515 | Bazaar   | Found Bocront's Weapon Emporium.
 45515 | Bazaar   | Found Vifayloili's Antique Armour Shop.
 45544 | Bazaar   | Bought a glowing helmet for 127 gold pieces
 45547 | Bazaar   | Bought a potion of curing for 42 gold pieces
 45550 | Bazaar   | Bought the +8 demon trident "Rift" {distort, reach+} for
                  | 845 gold pieces
 45550 | Bazaar   | Found the +8 demon trident "Rift" {distort, reach+}
 45572 | Bazaar   | Bought a scroll of blinking for 210 gold pieces
 45583 | Bazaar   | Bought a potion of resistance for 140 gold pieces
 45713 | Vaults:1 | Noticed Donald
 45900 | Vaults:1 | Reached skill level 14 in Fighting
 46210 | Vaults:1 | Reached XP level 19. HP: 160/167 MP: 23/23
 46540 | Vaults:1 | Identified Sif Muna's Incunabulum of Lethal Hexes
 47238 | Vaults:1 | Killed Donald
 48735 | Vaults:2 | Noticed a Tzitzimitl
 49105 | Vaults:2 | Reached skill level 15 in Fighting
 49323 | Vaults:2 | Found a staircase to the Crypt.
 50499 | Vaults:2 | Found a staircase to the Crypt.
 50512 | Vaults:2 | Found a staircase to the Crypt.
 51955 | Vaults:3 | Paralysed by a great orb of eyes for 5 turns
 52230 | Vaults:3 | Reached skill level 16 in Fighting
 52250 | Vaults:3 | Reached XP level 20. HP: 146/180 MP: 24/24
 54798 | Vaults:4 | Reached skill level 17 in Fighting
 57698 | Depths:1 | Found a gateway to Hell.
 57974 | Depths:1 | Noticed a juggernaut
 58023 | Depths:1 | Reached skill level 18 in Fighting
 58030 | Depths:1 | Killed a juggernaut
 58197 | Depths:1 | Reached XP level 21. HP: 173/195 MP: 25/25
 58505 | Depths:1 | Identified the ring "Ecwupae" {+Inv rPois EV+5 Str+3}
 58637 | Depths:1 | Found Ideotim's One-of-a-Kind Books.
 58698 | Depths:1 | Found a gateway to Hell.
 59724 | Depths:2 | Reached skill level 19 in Fighting
 59932 | Depths:2 | Noticed a caustic shrike
 59943 | Depths:2 | Banished a caustic shrike
 59946 | Depths:2 | Identified the ring "Goaz" {*Drain +Blink rC+ MR+ MP+9}
 60024 | Depths:2 | Identified the amulet "Xurghaeh" {Harm *Drain Dex+2} (You
                  | found it on level 2 of the Depths)
 60040 | Depths:2 | Got a warped iron ring
 60043 | Depths:2 | Got a pitted lapis lazuli ring
 60045 | Depths:2 | Identified the ring of the Priest {rF+ rC+ Dex+2} (You
                  | found it on level 2 of the Depths)
 60047 | Depths:2 | Identified the cursed ring "Behan" {rElec rC+ AC-3} (You
                  | found it on level 2 of the Depths)
 60549 | Elf:1    | Entered Level 1 of the Elven Halls
 61172 | Elf:1    | Identified the Handbook of Supportive Combat Magic
 61221 | Elf:1    | Noticed Asterion
 61626 | Elf:1    | Killed Asterion
 62087 | Elf:2    | Found Axky's Antique Armour Emporium.
 62091 | Elf:2    | Learned a level 2 spell: Song of Slaying
 62116 | Elf:2    | Bought a bronze scale mail for 297 gold pieces
 62116 | Elf:2    | Identified the cursed +1 scale mail of Lonorali {rElec rF+
                  | rC-} (You bought it in a shop on level 2 of the Elven
                  | Halls)
 62241 | Elf:2    | Found a ruined gateway.
 62290 | Desolati | Entered the Desolation of Salt
 62441 | Desolati | Reached skill level 20 in Fighting
 62522 | Desolati | Found the +7 mace of Variability {chain chaos}
 62523 | Desolati | Identified Xairock's Guide on Self-Knowledge and the Oath
 62650 | Desolati | Reached XP level 22. HP: 209/209 MP: 26/26
 62659 | Desolati | Identified the Tome of the Blaze and Malediction
 63007 | Desolati | Got a flickering copper ring
 63404 | Elf:2    | Identified the ring of the Swan {rF+ Slay+2} (You found it
                  | in the Desolation of Salt)
 63471 | Elf:2    | Found a runed translucent gate.
 63471 | Elf:2    | Found a runed translucent gate.
 63509 | Elf:2    | Found a runed translucent gate.
 63623 | Elf:2    | Found a runed translucent door.
 63623 | Elf:2    | Noticed Weecu's ghost (adept VSFi)
 63832 | Elf:2    | Reached skill level 15 in Armour
 64106 | Elf:3    | Entered Level 3 of the Elven Halls
 64111 | Elf:3    | Found Ehusyno's Gadget Emporium.
 64317 | Elf:3    | HP: 9/211 [deep elf elementalist/fireball (34)]
 64521 | Elf:3    | Found a huge runed gate.
 64521 | Elf:3    | Found a huge runed gate.
 64521 | Elf:3    | Found a huge runed gate.
 64521 | Elf:3    | Found a huge runed gate.
 64521 | Elf:3    | Found a huge runed gate.
 64522 | Elf:3    | Found a huge runed gate.
 64661 | Elf:3    | Noticed Bai Suzhen
 64682 | Elf:3    | Found a huge runed gate.
 64683 | Elf:3    | Found a huge runed gate.
 64693 | Elf:3    | Found a huge runed gate.
 64694 | Elf:3    | Found a huge runed gate.
 64695 | Elf:3    | Found a huge runed gate.
 64696 | Elf:3    | Found a huge runed gate.
 64819 | Elf:3    | Found a huge runed gate.
 64819 | Elf:3    | Found a huge runed gate.
 64820 | Elf:3    | Found a huge runed gate.
 64824 | Elf:3    | Found a huge runed gate.
 64825 | Elf:3    | Found a huge runed gate.
 64826 | Elf:3    | Found a huge runed gate.
 64832 | Elf:3    | Found a huge runed gate.
 64832 | Elf:3    | Found a huge runed gate.
 64832 | Elf:3    | Found a huge runed gate.
 64967 | Elf:3    | Reached skill level 21 in Fighting
 65434 | Elf:3    | Found Ehusyno's Gadget Emporium.
 65781 | Elf:3    | Found Ehusyno's Gadget Emporium.
 65873 | Elf:3    | Banished Bai Suzhen
 66313 | Elf:3    | Found Ehusyno's Gadget Emporium.
 66679 | Elf:3    | Found Ehusyno's Gadget Emporium.
 66972 | Elf:3    | Identified the +6 great sword of the Land of Plenty {venom,
                  | rF+ Str+2 Int-3}
 67144 | Elf:3    | Identified the ring "Setomio" {rF+ rC+ MR- EV+2 Slay+2}
 67200 | Elf:3    | Reached XP level 23. HP: 221/221 MP: 29/29
 67214 | Elf:3    | Identified the ring of Xom's Reproof {rF+ Str+3}
 67247 | Elf:3    | Identified the ring of Nyhemass {rCorr Str+2}
 67277 | Elf:3    | Identified Further Progress in Witchcraft
 67301 | Elf:3    | Found the +7 Kryia's mail coat {PotionHeal*2 rC+}
 67320 | Elf:3    | Identified the +2 cloak of Uckuidil {Str+4} (You found it
                  | on level 3 of the Elven Halls)
 67359 | Elf:3    | Identified the Compendium of the Nocuous Mountains
 67708 | Elf:3    | Found Ehusyno's Gadget Emporium.
 69646 | Depths:3 | Noticed Margery
 69652 | Depths:3 | Noticed Aizul
 69664 | Depths:3 | Cast into level 2 of the Abyss (hell knight)
 69731 | Abyss:2  | Found a corrupted altar of Lugonu.
 69982 | Abyss:2  | Reached skill level 22 in Fighting
 70107 | Abyss:2  | Lost mutation: You are agile. (Dex +2) [a neqoxec]
 70119 | Abyss:2  | Found a corrupted altar of Lugonu.
 70133 | Abyss:2  | Found a corrupted altar of Lugonu.
 70869 | Depths:3 | Escaped the Abyss
 71137 | Depths:3 | You fall into a shaft and drop 2 floors!
 71137 | Depths:5 | Entered Level 5 of the Depths
 71366 | Depths:3 | Banished Aizul
 71807 | Depths:3 | Noticed a juggernaut
 71915 | Depths:3 | Noticed an ancient lich
 72159 | Depths:3 | Banished an ancient lich
 72213 | Depths:3 | Identified Kiniud's Volume of the Fetching Volcanoes
 72222 | Depths:3 | Identified the Compendium of the Slorg
 72419 | Depths:3 | Found a one-way gate leading to the halls of Pandemonium.
 72736 | Depths:3 | Killed a juggernaut
 72943 | Depths:4 | Found Oginnifowk's Jewellery Shop.
 72948 | Depths:4 | Found Vahilauf's Antique Armour Shop.
 72951 | Depths:4 | Bought the brooch of Shielding {Reflect SH+8} for 1913 gold
                  | pieces
 72951 | Depths:4 | Found the brooch of Shielding {Reflect SH+8}
 72966 | Depths:4 | Bought the ring of Incredulity {rC+++ Int-4 Slay+3 SInv}
                  | for 1490 gold pieces
 73075 | Depths:4 | Found Gucenos's Elemental Accessories.
 73347 | Depths:4 | Found a one-way gate to the infinite horrors of the Abyss.
 73389 | Depths:4 | You fall into a shaft and drop 1 floor!
 73414 | Depths:5 | Found Tisomp's Jewellery Emporium.
 73423 | Depths:5 | Found Curoam's Gadget Shop.
 73424 | Depths:5 | Found Ecesueptos's Jewellery Emporium.
 73479 | Depths:5 | Reached XP level 24. HP: 206/234 MP: 30/30
 73519 | Depths:5 | Reached skill level 10 in Invocations
 73548 | Depths:5 | Found a gate to the Realm of Zot.
 73701 | Depths:4 | Reached skill level 23 in Fighting
 74343 | Depths:4 | Found a snail-covered altar of Cheibriados.
 74484 | Depths:4 | Reached skill level 15 in Polearms
 74495 | Depths:4 | Found Gucenos's Elemental Accessories.
 74571 | Depths:4 | Found a snail-covered altar of Cheibriados.
 74678 | Depths:4 | Found a one-way gate to the infinite horrors of the Abyss.
 74862 | Depths:4 | Found Vahilauf's Antique Armour Shop.
 74867 | Depths:4 | Found Oginnifowk's Jewellery Shop.
 75435 | Depths:4 | Found Oginnifowk's Jewellery Shop.
 75440 | Depths:4 | Found Vahilauf's Antique Armour Shop.
 75574 | Depths:4 | Found Gucenos's Elemental Accessories.
 75650 | Depths:4 | Found a snail-covered altar of Cheibriados.
 75750 | Depths:4 | Found a one-way gate to the infinite horrors of the Abyss.
 75909 | Depths:4 | Found Vahilauf's Antique Armour Shop.
 76208 | Depths:4 | Found Gucenos's Elemental Accessories.
 76284 | Depths:4 | Found a snail-covered altar of Cheibriados.
 76384 | Depths:4 | Found a one-way gate to the infinite horrors of the Abyss.
 77703 | Depths:5 | Noticed Xtahua
 77768 | Depths:5 | Found a gateway to a ziggurat.
 78424 | Depths:5 | Reached skill level 24 in Fighting
 78619 | Depths:5 | Found a gate to the Realm of Zot.
 78684 | Depths:5 | Paralysed by Xtahua for 6 turns
 78696 | Depths:5 | Killed Xtahua
 78787 | Depths:5 | Found a gateway to a ziggurat.
 79292 | Depths:5 | Found Tisomp's Jewellery Emporium.
 79293 | Depths:5 | Found Curoam's Gadget Shop.
 79294 | Depths:5 | Found Ecesueptos's Jewellery Emporium.
 79769 | Depths:3 | Banished Margery
 80285 | Vaults:5 | Entered Level 5 of the Vaults
 80285 | Vaults:5 | Identified the cursed -7 large shield of the Fife {rC+
                  | Str+3 Slay-5}
 80285 | Vaults:5 | Noticed Mennas
 80300 | Vaults:5 | Reached XP level 25. HP: 215/245 MP: 30/30
 80301 | Vaults:5 | Banished Mennas
 80561 | Vaults:5 | Identified the +10 rapier of Defence by Offence {pierce,
                  | rF+ MP-9 Int+3 Stlth+}
 80741 | Vaults:5 | Identified the +2 shield "Pilowuf" {-Tele rN+ Str+6}
 80741 | Vaults:5 | Identified the ring of Ybuqoz {rPois Str+2}
 80897 | Vaults:5 | Identified the Collected Works on Shifting Weightlessness
 81115 | Vaults:5 | Reached skill level 25 in Fighting
 81494 | Vaults:5 | Identified the +5 robe of Fallacy {rN+}
 81926 | Vaults:5 | Identified a scroll of acquirement
 81943 | Vaults:5 | Got a translucent crystal plate armour
 81964 | Vaults:5 | Identified the +12 crystal plate armour "Etijie" {MR+
                  | Str+3} (You acquired it on level 5 of the Vaults)
 82027 | Vaults:5 | Got a silver rune of Zot
 82169 | Vaults:5 | Identified the +7 great sword "Uguwn" {slice, rPois rF-
                  | rN+}
 82409 | Vaults:5 | Identified the Collected Works on the Entourage
 82434 | Vaults:5 | Reached XP level 26. HP: 259/259 MP: 30/30
 84601 | Crypt:1  | Entered Level 1 of the Crypt
 85137 | Crypt:1  | Found a runed translucent gate.
 85138 | Crypt:1  | Found a runed translucent gate.
 85138 | Crypt:1  | Found a runed translucent gate.
 85141 | Crypt:1  | Noticed Okharo's ghost (veteran MiBe)
 85932 | Crypt:1  | Banished Okharo's ghost
 85978 | Crypt:1  | Identified the +1 chain mail of the Last Runes {rF- Str+6}
                  | (You found it on level 1 of the Crypt)
 85981 | Crypt:1  | Identified the +0 pair of boots "Woxi" {*Slow rPois rN+
                  | Dex+2} (You found it on level 1 of the Crypt)
 86086 | Crypt:2  | Found a magical portal.
 86792 | WizLab   | Found a burning altar of Makhleb.
 86810 | WizLab   | Identified the Guide on the Escort
 86846 | WizLab   | Identified the +0 cloak of Iwnefotz {rElec} (You found it
                  | in a wizard's laboratory)
 88021 | Crypt:3  | Entered Level 3 of the Crypt
 88498 | Crypt:3  | Found a basalt altar of Yredelemnul.
 88840 | Crypt:3  | Identified the ring "Hekin" {rN+ MR+ Str+3}
 89105 | Crypt:3  | Identified the ring of Mirth {*Drain rC- rN+ Int+9 Stlth+}
                  | (You found it on level 3 of the Crypt)
 89109 | Crypt:3  | Identified the cursed +1 plate armour "Weoruwuy" {*Corrode
                  | Int+2 Dex+8} (You found it on level 3 of the Crypt)
 89262 | Crypt:3  | Found a staircase to the Tomb.
 89311 | Crypt:3  | Found a runed translucent gate.
 89312 | Crypt:3  | Found a runed translucent gate.
 89315 | Crypt:3  | Found a runed translucent gate.
 89317 | Crypt:3  | Noticed Zaowoih's ghost (veteran GrFi)
 89354 | Crypt:3  | Found a runed translucent gate.
 89354 | Crypt:3  | Found a runed translucent gate.
 89356 | Crypt:3  | Found a runed translucent gate.
 89373 | Crypt:3  | Found a staircase to the Tomb.
 89601 | Crypt:3  | Found a basalt altar of Yredelemnul.
 89988 | Crypt:3  | Upgraded the game from 0.24-a0-616-ge2a249a6fd to
                  | 0.24-a0-618-ge4662a2d14
 90564 | Depths:4 | Voluntarily entered the Abyss.
 90599 | Abyss:1  | Killed Aizul
 90612 | Abyss:1  | Reached XP level 27. HP: 227/266 MP: 30/30
 90701 | Abyss:1  | Killed an ancient lich
 91216 | Abyss:1  | Banished Bai Suzhen
 91655 | Abyss:1  | Found a shimmering altar of Xom.
 91764 | Abyss:1  | Banished Mennas
 92353 | Abyss:1  | Paralysed by accursed screaming for 1 turns
 92357 | Abyss:1  | Paralysed by accursed screaming for 1 turns
 92365 | Abyss:1  | Paralysed by accursed screaming for 1 turns
 92496 | Depths:4 | Escaped the Abyss
 92517 | Depths:4 | Voluntarily entered the Abyss.
 92997 | Depths:4 | Escaped the Abyss
 92999 | Depths:4 | Voluntarily entered the Abyss.
 93122 | Abyss:1  | Killed Bai Suzhen
 93375 | Depths:4 | Escaped the Abyss
 93514 | Depths:4 | Voluntarily entered the Abyss.
 94195 | Depths:4 | Escaped the Abyss
 94198 | Depths:4 | Voluntarily entered the Abyss.
 94209 | Abyss:1  | Found a corrupted altar of Lugonu.
 94281 | Abyss:1  | Gained mutation: You are weak. (Str -2) [a neqoxec]
 94285 | Abyss:1  | Gained mutation: You are dopey. (Int -2) [a neqoxec]
 94313 | Abyss:1  | Identified the cursed +0 plate armour "Liyly" {rF++} (You
                  | found it on level 1 of the Abyss)
 95035 | Abyss:1  | Killed Margery
 95043 | Depths:4 | Escaped the Abyss
 95077 | Depths:4 | Voluntarily entered the Abyss.
 95353 | Abyss:1  | Found a hide-covered altar of Uskayaw.
 95390 | Abyss:1  | Reached skill level 5 in Dodging
 95520 | Depths:4 | Escaped the Abyss
 95594 | Depths:4 | Voluntarily entered the Abyss.
 95634 | Abyss:1  | Found an ornate altar of the Wu Jian Council.
 96223 | Abyss:1  | Banished Mennas
 96227 | Depths:4 | Escaped the Abyss
 96371 | Depths:4 | Voluntarily entered the Abyss.
 96727 | Abyss:1  | Killed Mennas
 97237 | Abyss:1  | Found a corrupted altar of Lugonu.
 97254 | Depths:4 | Escaped the Abyss
 97274 | Depths:4 | Voluntarily entered the Abyss.
 97308 | Abyss:1  | Found a corrupted altar of Lugonu.
 97317 | Abyss:1  | Found a sacrificial altar of Ru.
 97450 | Depths:4 | Escaped the Abyss
 97452 | Depths:4 | Voluntarily entered the Abyss.
 97675 | Depths:4 | Escaped the Abyss
 97677 | Depths:4 | Voluntarily entered the Abyss.
 98015 | Abyss:1  | Found an iron altar of Okawaru.
 98049 | Abyss:1  | Paralysed by accursed screaming for 1 turns
 99939 | Abyss:1  | Found a basalt altar of Yredelemnul.
101108 | Depths:4 | Escaped the Abyss
101188 | Hell     | Entered the Vestibule of Hell
101188 | Hell     | Noticed Geryon
101210 | Hell     | Killed Geryon
101686 | Hell     | Found a gateway to the decaying netherworld of Tartarus.
101807 | Hell     | Found a gateway to the ashen valley of Gehenna.
102006 | Hell     | Found a gateway to the Iron City of Dis.
102097 | Hell     | Found a gateway to the freezing wastes of Cocytus.
102151 | Hell     | Found a gateway to the freezing wastes of Cocytus.
102200 | Hell     | Found a gateway to the decaying netherworld of Tartarus.
102259 | Hell     | Found a gateway to the ashen valley of Gehenna.
102300 | Geh:1    | Entered Level 1 of Gehenna
104383 | Geh:2    | Reached skill level 26 in Fighting
106156 | Geh:3    | Lost intelligence.
106159 | Geh:3    | Lost mutation: You have supernaturally acute eyesight.
                  | (SInv) [mutagenic glow]
106271 | Geh:2    | Lost intelligence.
107372 | Hell     | Found a gateway to the Iron City of Dis.
108059 | Lair:5   | Fell from the grace of Dithmenos
108059 | Lair:5   | Became a worshipper of Jiyva Jehewk the Shapeless
108591 | Lair:6   | Reached * piety under Jiyva
109190 | Lair:4   | Reached ** piety under Jiyva
110323 | Lair:1   | Reached *** piety under Jiyva
110324 | Lair:1   | Gained mutation: You are partially covered in slimy green
                  | scales. (AC +2) [Jiyva's grace]
110356 | Lair:1   | Reached **** piety under Jiyva
110356 | Lair:1   | Gained mutation: You are clumsy. (Dex -2) [Jiyva's grace]
111366 | D:6      | Killed Mithandil's ghost
111377 | D:6      | Found a white marble altar of Elyvilon.
111495 | D:6      | Found an ancient bone altar of Kikubaaqudgha.
111733 | D:5      | Reached ***** piety under Jiyva
111792 | D:5      | Lost mutation: You are partially covered in slimy green
                  | scales. (AC +2) [Jiyva's grace]
113560 | D:2      | Lost mutation: You are dopey. (Int -2) [Jiyva's grace]
114738 | D:10     | Lost mutation: You are clumsy. (Dex -2) [Jiyva's grace]
115559 | D:12     | Reached ****** piety under Jiyva
115559 | D:12     | Lost mutation: Your spells are a little harder to cast, but
                  | a little more powerful. [Jiyva's grace]
115655 | D:12     | Gained mutation: Your mind is acute. (Int +2) [Jiyva's
                  | grace]
115879 | Slime:1  | Entered Level 1 of the Pits of Slime
115915 | Slime:5  | Entered Level 5 of the Pits of Slime
115925 | Slime:5  | Lost mutation: Your mind is acute. (Int +2) [Jiyva's grace]
115928 | Slime:5  | Found a viscous altar of Jiyva.
115928 | Slime:5  | Noticed the Royal Jelly
115929 | Slime:5  | Gained mutation: You have a somewhat thin skeletal
                  | structure. (Dex +2, Stealth) [Jiyva's grace]
115930 | Slime:5  | Got a transparent golden ring
115932 | Slime:5  | Gained mutation: Your mind is acute. (Int +2) [Jiyva's
                  | grace]
115935 | Slime:5  | Identified the Reference Book on the Entourage and
                  | Lightness
115938 | Slime:5  | Identified the ring "Doclofog" {rF+ rC- Str+6} (You found
                  | it on level 5 of the Pits of Slime)
115948 | Slime:5  | Identified the +5 shield "Jovit" {MR+} (You found it on
                  | level 5 of the Pits of Slime)
115950 | Slime:5  | Got a slimy rune of Zot
115952 | Slime:5  | Identified the +9 hunting sling "Leikhlai" {flame, Str+2}
                  | (You found it on level 5 of the Pits of Slime)
115963 | Slime:5  | Got a steaming graven amulet
115964 | Slime:5  | Identified the amulet of Ogaak {Regen+ Dex+3} (You found it
                  | on level 5 of the Pits of Slime)
115985 | Slime:5  | Identified the +0 helmet "Joaduag" {*Contam rC+++ Str-4
                  | SInv} (You found it on level 5 of the Pits of Slime)
116226 | D:9      | Gained mutation: You are covered in slimy tendrils that may
                  | disarm your opponents. [Jiyva's grace]
117783 | D:12     | Gained mutation: Your body has grown golden eyes which may
                  | confuse attackers. (Acc +3) [Jiyva's grace]
118364 | D:14     | Lost mutation: Your mind is acute. (Int +2) [Jiyva's grace]
118385 | D:14     | Killed Wenkied's ghost
118855 | D:15     | Lost mutation: You are weak. (Str -2) [Jiyva's grace]
119669 | Vaults:1 | Lost mutation: You have a somewhat thin skeletal structure.
                  | (Dex +2, Stealth) [Jiyva's grace]
119794 | Vaults:2 | Gained mutation: You are weak. (Str -2) [Jiyva's grace]
119810 | Vaults:2 | Gained mutation: You are partially covered in molten
                  | scales. (AC +2) [Jiyva's grace]
119856 | Vaults:2 | Gained mutation: Your body sometimes deteriorates upon
                  | taking damage. [Jiyva's grace]
120028 | Vaults:3 | Gained mutation: You are partially covered in large bone
                  | plates. (SH +4) [Jiyva's grace]
120105 | Vaults:3 | Lost mutation: Your body sometimes deteriorates upon taking
                  | damage. [Jiyva's grace]
120319 | Vaults:4 | Lost mutation: Your body has grown golden eyes which may
                  | confuse attackers. (Acc +3) [Jiyva's grace]
120349 | Vaults:4 | Gained mutation: You expend magic power (3 MP) to
                  | strengthen your wands. [Jiyva's grace]
120482 | Vaults:5 | Gained mutation: You are resistant to hostile enchantments.
                  | (MR+) [Jiyva's grace]
120504 | Vaults:5 | Gained mutation: You do not regenerate when monsters are
                  | visible. [Jiyva's grace]
120514 | Vaults:5 | Gained mutation: You have a pair of small horns on your
                  | head. [Jiyva's grace]
120527 | Vaults:5 | Lost mutation: You are covered in slimy tendrils that may
                  | disarm your opponents. [Jiyva's grace]
120555 | Vaults:5 | Gained mutation: Your mind is acute. (Int +2) [Jiyva's
                  | grace]
120564 | Vaults:5 | Lost mutation: You expend magic power (3 MP) to strengthen
                  | your wands. [Jiyva's grace]
120565 | Vaults:5 | Lost mutation: You do not regenerate when monsters are
                  | visible. [Jiyva's grace]
120568 | Vaults:5 | Gained mutation: You are robust. (+10% HP) [Jiyva's grace]
120631 | Vaults:1 | Lost mutation: You are weak. (Str -2) [Jiyva's grace]
120662 | Vaults:1 | Lost mutation: Your mind is acute. (Int +2) [Jiyva's grace]
120968 | Elf:1    | Gained mutation: You are covered in fur. (AC +1) [Jiyva's
                  | grace]
121080 | Elf:1    | Gained mutation: You have supernaturally acute eyesight.
                  | (SInv) [Jiyva's grace]
121675 | Elf:2    | Lost mutation: You are partially covered in icy blue
                  | scales. (AC +2) [Jiyva's grace]
121687 | Elf:2    | Gained mutation: You expend magic power (3 MP) to
                  | strengthen your wands. [Jiyva's grace]
121718 | Elf:2    | Gained mutation: You have a small jelly attached to you
                  | that senses nearby items. [Jiyva's grace]
121787 | Elf:2    | Gained mutation: You have a small jelly attached to you
                  | that may absorb incoming projectiles. [Jiyva's grace]
121832 | Elf:3    | Bought a sack of spiders for 320 gold pieces
121832 | Elf:3    | Bought a phantom mirror for 480 gold pieces
122042 | Elf:3    | Gained mutation: You are weak. (Str -2) [Jiyva's grace]
122110 | Elf:3    | Gained mutation: You are highly resistant to hostile
                  | enchantments. (MR++) [Jiyva's grace]
122116 | Elf:3    | Lost mutation: You are partially covered in molten scales.
                  | (AC +2) [Jiyva's grace]
122132 | Elf:3    | Gained mutation: Your system is resistant to poisons.
                  | (rPois) [Jiyva's grace]
122368 | Orc:2    | Lost mutation: You are covered in fur. (AC +1) [Jiyva's
                  | grace]
122387 | Orc:2    | Lost mutation: You have a small jelly attached to you that
                  | senses nearby items. [Jiyva's grace]
122414 | Orc:2    | Gained mutation: You have a pair of horns on your head.
                  | [Jiyva's grace]
122458 | Orc:2    | Gained mutation: You have sharp fingernails. [Jiyva's
                  | grace]
122474 | Orc:2    | Gained mutation: Your rubbery body absorbs attacks. (AC +1,
                  | EV +1) [Jiyva's grace]
122555 | Orc:1    | Lost mutation: You are weak. (Str -2) [Jiyva's grace]
123958 | Crypt:2  | Gained mutation: Armour fits poorly on your pseudopods.
                  | [Jiyva's grace]
124220 | Crypt:3  | Banished Zaowoih's ghost
124346 | Crypt:3  | Lost mutation: You have a small jelly attached to you that
                  | may absorb incoming projectiles. [Jiyva's grace]
124937 | Swamp:1  | Lost mutation: Armour fits poorly on your pseudopods.
                  | [Jiyva's grace]
125250 | Swamp:3  | Gained mutation: Your spells are a little harder to cast,
                  | but a little more powerful. [Jiyva's grace]
125322 | Swamp:4  | Lost mutation: You have supernaturally acute eyesight.
                  | (SInv) [potion of mutation]
125322 | Swamp:4  | Lost mutation: You are highly resistant to hostile
                  | enchantments. (MR++) [potion of mutation]
125322 | Swamp:4  | Lost mutation: Your rubbery body absorbs attacks. (AC +1,
                  | EV +1) [potion of mutation]
125322 | Swamp:4  | Lost mutation: You have a pair of horns on your head.
                  | [potion of mutation]
125322 | Swamp:4  | Gained mutation: You have a pair of horns on your head.
                  | [potion of mutation]
125323 | Swamp:4  | Lost mutation: Your spells are a little harder to cast, but
                  | a little more powerful. [potion of mutation]
125323 | Swamp:4  | Lost mutation: You have a pair of horns on your head.
                  | [potion of mutation]
125323 | Swamp:4  | Lost mutation: You are robust. (+10% HP) [potion of
                  | mutation]
125323 | Swamp:4  | Lost mutation: You have a pair of small horns on your head.
                  | [potion of mutation]
125323 | Swamp:4  | Gained mutation: You are agile. (Dex +2) [potion of
                  | mutation]
125323 | Swamp:4  | Gained mutation: Your mind is acute. (Int +2) [potion of
                  | mutation]
125323 | Swamp:4  | Gained mutation: You passively map a small area around you.
                  | [potion of mutation]
125662 | Elf:3    | Lost mutation: You are partially covered in large bone
                  | plates. (SH +4) [Jiyva's grace]
126312 | Spider:4 | Gained mutation: You have acidic saliva. [Jiyva's grace]
127233 | Depths:1 | Lost mutation: You have acidic saliva. [Jiyva's grace]
127286 | Depths:1 | Gained mutation: You possess an exceptional clarity of
                  | mind. [Jiyva's grace]
127340 | Depths:1 | Gained mutation: Your body has grown golden eyes which may
                  | confuse attackers. (Acc +3) [Jiyva's grace]
127456 | Depths:3 | Gained mutation: You have a small jelly attached to you
                  | that senses nearby items. [Jiyva's grace]
127469 | Depths:3 | Lost mutation: You expend magic power (3 MP) to strengthen
                  | your wands. [Jiyva's grace]
127703 | Depths:4 | Gained mutation: You have acidic saliva. [Jiyva's grace]
128569 | Geh:1    | Lost mutation: Your system is resistant to poisons. (rPois)
                  | [Jiyva's grace]
128637 | Geh:2    | Lost mutation: You are agile. (Dex +2) [Jiyva's grace]
128906 | Geh:2    | Lost mutation: You passively map a small area around you.
                  | [Jiyva's grace]
128960 | Geh:3    | Lost mutation: Your mind is acute. (Int +2) [Jiyva's grace]
128977 | Geh:3    | Gained mutation: You are partially covered in rugged brown
                  | scales. (AC +1, +3% HP) [Jiyva's grace]
129000 | Geh:3    | Gained mutation: You have a pair of small horns on your
                  | head. [Jiyva's grace]
129009 | Geh:3    | Gained mutation: Your translucent skin slightly reduces
                  | your foes' accuracy. (Stealth) [Jiyva's grace]
129034 | Geh:3    | Lost mutation: You are resistant to hostile enchantments.
                  | (MR+) [Jiyva's grace]
129810 | Geh:5    | Reached skill level 27 in Fighting
129861 | Geh:5    | Lost mutation: You have a small jelly attached to you that
                  | senses nearby items. [Jiyva's grace]
129956 | Geh:5    | Gained mutation: You are partially covered in thin metallic
                  | scales. (AC +2) [Jiyva's grace]
130023 | Geh:5    | Lost mutation: You have a pair of small horns on your head.
                  | [Jiyva's grace]
130281 | Geh:5    | Gained mutation: You are agile. (Dex +2) [Jiyva's grace]
130288 | Geh:5    | Gained mutation: Your system is resistant to poisons.
                  | (rPois) [Jiyva's grace]
130482 | Geh:5    | Reached skill level 10 in Evocations
130583 | Geh:5    | Lost mutation: You have sharp fingernails. [Jiyva's grace]
131172 | Geh:6    | Reached skill level 1 in Charms
131191 | Geh:6    | Reached skill level 1 in Spellcasting
131371 | Geh:6    | Gained mutation: You have a pair of small horns on your
                  | head. [Jiyva's grace]
131896 | Geh:6    | Lost mutation: You possess an exceptional clarity of mind.
                  | [Jiyva's grace]
131899 | Geh:6    | Gained mutation: You have a small jelly attached to you
                  | that senses nearby items. [Jiyva's grace]
132089 | Geh:7    | Entered Level 7 of Gehenna
132176 | Geh:7    | Lost mutation: Your translucent skin slightly reduces your
                  | foes' accuracy. (Stealth) [Jiyva's grace]
132542 | Geh:7    | Gained mutation: You are partially covered in icy blue
                  | scales. (AC +2) [Jiyva's grace]
132561 | Geh:7    | Gained mutation: You are somewhat resistant to further
                  | mutation. [Jiyva's grace]
132642 | Geh:7    | Lost mutation: You are agile. (Dex +2) [Jiyva's grace]
133057 | Geh:7    | Gained mutation: Your rubbery body absorbs attacks. (AC +1,
                  | EV +1) [Jiyva's grace]
133194 | Geh:7    | Learned a level 1 spell: Apportation
133202 | Geh:7    | Identified the ring "Lutaosm" {*Slow rElec rC+ rN+ MP+9
                  | Int+3} (You found it on level 7 of Gehenna)
133207 | Geh:7    | Identified the +10 plate armour "Hevvor" {+Blink Str+4
                  | Dex+2} (You found it on level 7 of Gehenna)
133211 | Geh:7    | Identified the ring of Sloth {Fire rPois rN+ MR- Str+8}
                  | (You found it on level 7 of Gehenna)
133353 | Geh:7    | Gained mutation: Your pliable body absorbs attacks. (AC +2,
                  | EV +2) [Jiyva's grace]
133485 | Geh:7    | Identified the +7 sceptre of Asmodeus
133485 | Geh:7    | Noticed Asmodeus
133554 | Geh:7    | Got an obsidian rune of Zot
133601 | Geh:7    | Reached skill level 5 in Charms
133755 | Tar:1    | Entered Level 1 of Tartarus
134319 | Tar:1    | Gained mutation: You expend magic power (3 MP) to
                  | strengthen your wands. [Jiyva's grace]
134452 | Tar:1    | Gained mutation: Your body has grown many golden eyes which
                  | may confuse attackers. (Acc +5) [Jiyva's grace]
134853 | Tar:1    | Reached skill level 5 in Spellcasting
134879 | Tar:1    | Lost mutation: Your body has grown many golden eyes which
                  | may confuse attackers. (Acc +5) [Jiyva's grace]
136358 | Hell     | Learned a level 3 spell: Regeneration
136410 | Tar:2    | Learned a level 2 spell: Passwall
136454 | Tar:2    | Gained mutation: You have a beak for a mouth. [Jiyva's
                  | grace]
136585 | Tar:2    | Reached skill level 1 in Necromancy
137361 | Tar:2    | Lost mutation: Your system is resistant to poisons. (rPois)
                  | [Jiyva's grace]
138518 | Tar:3    | Lost mutation: You have acidic saliva. [Jiyva's grace]
138861 | Tar:3    | Lost mutation: You have a pair of small horns on your head.
                  | [Jiyva's grace]
139353 | Tar:3    | Gained mutation: You are clumsy. (Dex -2) [Jiyva's grace]
139877 | Tar:3    | Lost mutation: You are somewhat resistant to further
                  | mutation. [Jiyva's grace]
139877 | Tar:3    | Gained mutation: You evolve. [Jiyva's grace]
140158 | Tar:4    | Gained mutation: Your muscles are strong. (Str +2)
                  | [evolution]
140302 | Tar:4    | Reached skill level 5 in Necromancy
140560 | Tar:4    | Gained mutation: You have a pair of small horns on your
                  | head. [Jiyva's grace]
140562 | Tar:4    | Was forgiven by Dithmenos
141007 | Tar:4    | Lost mutation: You have a beak for a mouth. [Jiyva's grace]
142186 | Tar:5    | Lost mutation: You have a small jelly attached to you that
                  | senses nearby items. [Jiyva's grace]
142245 | Tar:5    | You fall into a shaft and drop 1 floor!
142284 | Tar:6    | Reached skill level 10 in Charms
143829 | Tar:5    | Gained mutation: Your translucent skin slightly reduces
                  | your foes' accuracy. (Stealth) [Jiyva's grace]
144295 | Tar:7    | Entered Level 7 of Tartarus
144436 | Tar:7    | Noticed an ancient lich
144452 | Hell     | Paralysed by an ancient lich for 7 turns
144462 | Hell     | Killed an ancient lich
144986 | Tar:7    | Gained mutation: Your spells are a little harder to cast,
                  | but a little more powerful. [Jiyva's grace]
145173 | Depths:4 | Voluntarily entered the Abyss.
145236 | Abyss:1  | Reached skill level 10 in Spellcasting
145243 | Abyss:1  | Gained mutation: You possess an exceptional clarity of
                  | mind. [Jiyva's grace]
145345 | Abyss:1  | Lost mutation: You are clumsy. (Dex -2) [Jiyva's power]
145642 | Abyss:1  | Gained mutation: You are agile. (Dex +2) [Jiyva's grace]
146146 | Abyss:3  | Gained mutation: Potions are less effective at restoring
                  | your health. [a neqoxec]
146166 | Abyss:3  | Gained mutation: You passively map a small area around you.
                  | [Jiyva's grace]
146456 | Abyss:3  | Reached skill level 1 in Transmutations
146523 | Abyss:3  | Reached skill level 1 in Earth Magic
146575 | Abyss:3  | Gained mutation: You passively map the area around you.
                  | [Jiyva's grace]
146734 | Abyss:3  | Found a burning altar of Makhleb.
146862 | Abyss:3  | Got an abyssal rune of Zot
146897 | Abyss:3  | Found a burning altar of Makhleb.
146932 | Depths:4 | Escaped the Abyss
147126 | Coc:1    | Entered Level 1 of Cocytus
147546 | Coc:1    | Gained mutation: You have a small jelly attached to you
                  | that may absorb incoming projectiles. [Jiyva's grace]
147580 | Coc:1    | Lost mutation: Your body has grown golden eyes which may
                  | confuse attackers. (Acc +3) [Jiyva's grace]
147584 | Coc:1    | Lost mutation: Your muscles are strong. (Str +2) [mutagenic
                  | glow]
147833 | Coc:1    | Lost mutation: Potions are less effective at restoring your
                  | health. [Jiyva's power]
148365 | Coc:1    | Lost mutation: You are agile. (Dex +2) [mutagenic glow]
148438 | Coc:1    | Gained mutation: Your magical capacity is low. (-10% MP)
                  | [mutagenic glow]
148671 | Depths:2 | Gained mutation: You are resistant to hostile enchantments.
                  | (MR+) [Jiyva's grace]
148801 | D:12     | Lost mutation: Your magical capacity is low. (-10% MP)
                  | [Jiyva's grace]
149272 | Depths:2 | Gained mutation: Your spells are harder to cast, but more
                  | powerful. [Jiyva's grace]
151028 | Coc:3    | Lost mutation: You expend magic power (3 MP) to strengthen
                  | your wands. [Jiyva's grace]
151988 | Coc:3    | Reached skill level 5 in Transmutations
152021 | Coc:3    | Reached skill level 5 in Earth Magic
153106 | Coc:4    | Lost mutation: You are partially covered in icy blue
                  | scales. (AC +2) [Jiyva's grace]
154123 | Coc:5    | Gained mutation: You are partially covered in iridescent
                  | scales. (AC +2) [Jiyva's grace]
154813 | Coc:6    | Gained mutation: Your mind is acute. (Int +2) [Jiyva's
                  | grace]
155136 | Coc:6    | Gained mutation: Your body has grown golden eyes which may
                  | confuse attackers. (Acc +3) [Jiyva's grace]
155169 | Coc:6    | Learned a level 5 spell: Borgnjor's Vile Clutch
155734 | Coc:7    | Entered Level 7 of Cocytus
155955 | Coc:7    | Lost mutation: You have a small jelly attached to you that
                  | may absorb incoming projectiles. [Jiyva's grace]
156078 | Depths:4 | Voluntarily entered the Abyss.
156138 | Abyss:1  | Found a corrupted altar of Lugonu.
156141 | Abyss:1  | Found a corrupted altar of Lugonu.
156559 | Abyss:1  | Reached skill level 10 in Earth Magic
156913 | Abyss:2  | Found a corrupted altar of Lugonu.
157149 | Abyss:2  | Found a corrupted altar of Lugonu.
157554 | Abyss:4  | Gained mutation: You have acidic saliva. [Jiyva's grace]
157678 | Abyss:4  | Gained mutation: You are clumsy. (Dex -2) [a neqoxec]
157828 | Abyss:4  | Lost mutation: You are clumsy. (Dex -2) [Jiyva's grace]
157951 | Abyss:4  | Gained mutation: Scrolls take you a little longer to read.
                  | [a neqoxec]
158011 | Abyss:4  | Found a roughly hewn altar of Beogh.
158092 | Abyss:4  | Lost mutation: You possess an exceptional clarity of mind.
                  | [a cacodemon]
158107 | Abyss:4  | Reached skill level 10 in Necromancy
158181 | Depths:4 | Escaped the Abyss
158265 | Depths:4 | Voluntarily entered the Abyss.
158489 | Abyss:1  | Found a corrupted altar of Lugonu.
158577 | Abyss:1  | Found a corrupted altar of Lugonu.
158641 | Abyss:1  | Gained mutation: You have an increased reservoir of magic.
                  | (+10% MP) [evolution]
158676 | Abyss:1  | Found a corrupted altar of Lugonu.
158758 | Abyss:1  | Gained mutation: Your flesh is heat resistant. (rF+)
                  | [Jiyva's grace]
159824 | Abyss:2  | Found a corrupted altar of Lugonu.
160015 | Abyss:3  | Found a corrupted altar of Lugonu.
160590 | Abyss:4  | Lost mutation: You are resistant to hostile enchantments.
                  | (MR+) [Jiyva's grace]
160786 | Abyss:4  | Found a blossoming altar of Fedhas.
161260 | Abyss:4  | Found a corrupted altar of Lugonu.
161587 | Abyss:5  | Entered Level 5 of the Abyss
161587 | Abyss:5  | Entered Level 5 of the Abyss
161638 | Abyss:5  | Lost mutation: Your pliable body absorbs attacks. (AC +2,
                  | EV +2) [Jiyva's grace]
161903 | Abyss:5  | Found a corrupted altar of Lugonu.
161940 | Abyss:5  | Reached skill level 10 in Dodging
162005 | Abyss:5  | Lost mutation: You have a pair of small horns on your head.
                  | [Jiyva's grace]
162026 | Abyss:5  | Found a corrupted altar of Lugonu.
162588 | Abyss:5  | Reached skill level 15 in Necromancy
162655 | Depths:4 | Escaped the Abyss
162834 | Depths:5 | Gained mutation: You are agile. (Dex +2) [Jiyva's grace]
162836 | Zot:1    | Entered Level 1 of the Realm of Zot
162995 | Zot:1    | Learned a level 4 spell: Animate Dead
163050 | Zot:1    | Lost mutation: Your body has grown golden eyes which may
                  | confuse attackers. (Acc +3) [Jiyva's grace]
163661 | Zot:2    | Lost mutation: Scrolls take you a little longer to read.
                  | [Jiyva's grace]
163927 | Zot:2    | Lost mutation: You passively map the area around you.
                  | [Jiyva's grace]
163944 | Zot:2    | Killed from afar by an electric golem

Levels and vault maps discovered:
D:1:      lightli_arrival_isolated_outpost, layout_basic
D:2:      layout_rooms, serial_glass, glass_columns_b, glass_columns_a,
          uniq_crazy_yiuf_cottage, uniq_natasha
D:3:      layout_rooms, gammafunk_ghost_stat_death, first_ration, uniq_robin
D:4:      layout_gridville, minmay_temple_entry_proselytizer,
          minmay_misc_feat_columns, guppyfry_early_lair_pool
D:5:      layout_loops_cross, marbit_many_paths, zin_angel, roderic_lattice_a,
          uniq_edmund
D:6:      layout_basic, old_standard_altar, kiku_gazebo_garden_becter,
          gammafunk_ghost_grave, uniq_menkaure, uniq_sigmund
D:7:      layout_gridville, uniq_joseph
D:8:      layout_loops_ring, nemelex_xobeh_ov_fountains_minmay,
          evilmike_ruin_ashenzari, david_lair_shrubbed, hangedman_ranch
          [blue_anna_fruit_fields], fedhas_altar_3, uniq_grum
D:9:      layout_irregular_city, minivault_16
D:10:     layout_basic, erik_orc_1, serial_shops, nicolae_shop_waterfront
D:11:     layout_basic, portal_ice_cave_entry_animals_and_master,
          grunt_dithmenos_smoke_and_mirrors, uniq_harold, uniq_erica
D:12:     layout_rooms, enter_bailey_3, nzn_random_ring, uniq_erolcha,
          uniq_nergalle
D:13:     layout_rooms, lemuel_flame_loot_1
D:14:     layout_grid_maze, ximxim_vaults_locker_room, kennysheep_cross_room,
          serial_bayou, serial_bayou_pond_e, serial_bayou_shore_a,
          serial_bayou_pond_c, serial_bayou_shore_b, gammafunk_ghost_grave,
          guppyfry_shop_venom
D:15:     grunt_enter_depths_giant_problem, layout_gridville, serial_glass,
          glass_columns_c, glass_columns_b, glass_columns_a, glass_columns_b,
          item_on_display_a, elyvilon_altar_4
Temple:   regret_index_temple_sphere_string
Lair:1:   layout_loops_ring, beast_lair_carwin_3
Lair:2:   layout_regular_city, spider_nest_entry_a, basic_altar
Lair:3:   layout_chaotic_city, minmay_lair_oklob_chamber
Lair:4:   layout_loops_ring, palyth_hydra_swamp_entry,
          infiniplex_staircase_pool_2
Lair:5:   layout_long_grid, slime_altar_1, enter_volcano_2,
          gauntlet_entry_generic, grunt_megastairs_5, lemuel_fruit_tree
Lair:6:   hangedman_lair_tendril_chambers, layout_long_grid, wormcave
Swamp:1:  layout_basic_swamp, hangedman_swamp_ruin_wall
Swamp:2:  layout_falls_marsh, evilmike_swamp_ruin_rubble_1, grunt_hermit_hut
Swamp:3:  layout_falls_marsh, hangedman_swamp_lotus
Swamp:4:  grunt_swamp_rune_castle, layout_basic_swamp, uniq_kirke
Spider:1: layout_spider_delve, uniq_nikola
Spider:2: layout_spider_delve, guppyfry_hornet_nest
Spider:3: nicolae_spider_mines_1
Spider:4: floodkiller_spider_rune_tomb, nicolae_spider_cling_ruins
Slime:1:  layout_caves
Slime:2:  layout_caves
Slime:3:  layout_caves
Slime:4:  layout_caves, cheibrodos_slime_lost_civilization_4
Slime:5
Orc:1:    layout_caves, serial_shops, shop_coins, uniq_josephine
Orc:2:    grunt_orc_gardens, layout_caves, grunt_orc_garden, grunt_orc_garden,
          grunt_orc_garden, grunt_orc_garden, uniq_saint_roka
Elf:1:    eino_elf_arrival_customs, layout_gridlike, minmay_elf_sorcery,
          uniq_asterion
Elf:2:    layout_rooms, portal_desolation_entry_nicolae_slug,
          gammafunk_ghost_grave, serial_shops, shop
Elf:3:    minmay_elf_hall_four_x, layout_geoelf_grid, serial_shops,
          nicolae_shop_waterfront, door_vault, uniq_bai_suzhen
Vaults:1: v_misc_28, grunt_vaults_diagonal,
          vaults_standard_mumra_enter_the_diamond, hangedman_vaults_pinch,
          hangedman_vaults_restitches, v_misc_25, hangedman_vaults_capsules,
          ontoclasm_vaults_shuriken, vaults_room_semicircle,
          ontoclasm_vaults_decontamination, v_pattern_2,
          nicolae_vaults_diagonal_hallway_6, layout_vaults_omnibox,
          serial_shops, bzr_entry_water, uniq_donald
Vaults:2: v_misc_5, blue_anna_dwarven_crypt, hangedman_vaults_nodes, v_misc_32,
          st_squares, v_misc_10, layout_vaults_omnigrid
Vaults:3: vaults_mumra_hex, vaults_room_fours, v_misc_23, v_misc_1,
          ontoclasm_vaults_fault, hangedman_vaults_impose,
          hangedman_vaults_stitches, vaults_mumra_minichess_inversion,
          nicolae_vaults_asterisk, serial_ice_g, vaults_room_octagon,
          nicolae_vaults_network_s, nicolae_vaults_circle_grid_b,
          vaults_room_semicircle, nicolae_vaults_little_squares_6,
          vaults_dpeg_diagonal, vaults_dpeg_encased_lava, layout_vaults_ring
Vaults:4: grunt_vaults_twisty, vaults_room_corners, vaults_dpeg_hooks,
          nicolae_vaults_angled_halls, grunt_vaults_swirl, v_misc_11,
          hangedman_vaults_slice, hangedman_vaults_nails,
          nicolae_vaults_shelves_hall, hangedman_vaults_impose,
          layout_vaults_omnicross
Vaults:5: uniq_mennas
Crypt:1:  layout_catacombs, gammafunk_ghost_necromancy, grunt_ministairs_2
Crypt:2:  layout_gridlike, mu_enter_wizlab_6
Crypt:3:  church_of_pain_bobbens, layout_chaotic_city,
          ebering_ghost_rock_garden, serial_sigils_hangedman_gnaw,
          palyth_stone_intersect, st_stairs_8
Depths:1: layout_cross, hell_entry, minmay_misc_feat_x,
          serial_sigils_hangedman_snap, nicolae_rare_books, minmay_multi_spiral,
          grunt_megastairs_2
Depths:2: minmay_the_grid_triangle_9x9_rhombus_full
          [minmay_the_grid_triangle_9x9_impossible_snake,
          minmay_the_grid_triangle_9x9_sprig,
          minmay_the_grid_triangle_9x9_descending_squares,
          minmay_the_grid_triangle_9x9_wacky_v,
          minmay_the_grid_triangle_9x9_warning,
          minmay_the_grid_triangle_9x9_stretched_checkered,
          minmay_the_grid_triangle_9x9_corrupted_corridor,
          minmay_the_grid_triangle_9x9_prize_special], layout_cave_pools,
          minmay_tree_intersection, pf_coc_iceberg
Depths:3: kennysheep_four_of_diamonds, layout_cave_pools,
          hangedman_abyss_or_decor_stabs, rand_demon_pan_entry_8,
          pf_hell_entry_tar_spiral, minmay_staircase_windowed_large,
          uniq_margery, uniq_aizul
Depths:4: pf_snail_temple, layout_gridlike, abyss_entry_small_statue_room,
          hell_entry, nicolae_elemental_shop, minmay_shop_star,
          minmay_staircase_bubble
Depths:5: grunt_x_marks_the_spot, layout_basic, enter_ziggurat_b,
          patterned_corridor, abyss_entry, hell_entry, minmay_serpent_palace,
          serial_bayou_shore_b, minmay_shop_grove, uniq_xtahua
Hell
Geh:1:    layout_gehenna_lava_caves
Geh:2:    layout_gehenna_pools_box
Geh:3:    layout_gehenna_lava_caves
Geh:4:    layout_gehenna_pools_basic, gehenna_fire_generator
Geh:5:    layout_gehenna_lava_caves
Geh:6:    layout_gehenna_pools_basic, gehenna_fire_generator
Geh:7:    evilmike_geh
Coc:1:    layout_cocytus_water_paths
Coc:2:    layout_cocytus_water_paths
Coc:3:    layout_ice_bergs
Coc:4:    layout_cocytus_water_paths
Coc:5:    layout_cocytus_water_paths
Coc:6:    layout_cocytus_water_paths
Coc:7:    coc_grunt
Tar:1:    layout_catacombs
Tar:2:    layout_honeycomb
Tar:3:    layout_grid_maze
Tar:4:    layout_cathedral_of_symmetry
Tar:5:    layout_grid_maze
Tar:6:    layout_grid_maze, nicolae_tar_cuneiform_three
Tar:7:    tar_old
Zot:1:    layout_misc_corridors, bh_zot_ikea_curve
Zot:2:    minmay_elemental_castle, layout_basic, grunt_ministairs_1

Skill      XL: |  1  2  3  4  5  6  7  8  9 10 11 12 13 14 15 16 17 18 19 20 21 22 23 24 25 26 27 |
---------------+----------------------------------------------------------------------------------+-----
Throwing       | 5 6 7 8 9 11 12 13 15 16 18 19 20 21 | 21.6
Armour         | 1 2 3 4 5 6 8 10 11 12 13 14 15 16 17 20 23 | 23.1
Fighting       | 3 4 5 6 8 9 11 12 13 14 16 18 20 21 22 24 25 27 | 27.0
Polearms       | 1 2 4 5 6 7 8 9 11 12 13 14 15 16 25 | 25.3
Stealth        | 1 2 |  2.6
Shields        | 1 2 3 4 6 8 9 10 14 | 14.0
Invocations    | 2 4 6 8 9 10 | 10.0
Evocations     | 1 3 4 5 6 11 | 11.7
Dodging        | 10 | 10.0
Charms         | 10 | 10.8
Spellcasting   | 14 | 14.2
Necromancy     | 16 | 16.6
Transmutations | 8 |  8.9
Earth Magic    | 13 | 13.3
Short Blades   | |  0.3

Action                   |  1- 3 |  4- 6 |  7- 9 | 10-12 | 13-15 | 16-18 | 19-21 | 22-24 | 25-27 || total
-------------------------+-------+-------+-------+-------+-------+-------+-------+-------+-------++-------
Melee: Short sword       |    75 |   160 |       |       |       |       |       |       |       ||   235
       Kick              |    11 |    43 |    39 |   134 |   662 |   866 |   464 |   442 |  2730 ||  5391
       Trident           |       |   108 |   219 |   507 |  1677 |  2038 |       |       |       ||  4549
       Demon trident     |       |       |       |       |       |   165 |  2136 |  2135 | 12857 || 17293
       Headbutt          |       |       |       |       |       |       |       |       |   804 ||   804
       Bite              |       |       |       |       |       |       |       |       |   301 ||   301
       Peck              |       |       |       |       |       |       |       |       |   112 ||   112
       Pseudopods        |       |       |       |       |       |       |       |       |     2 ||     2
Throw: Javelin           |     4 |     1 |    12 |    39 |    41 |    18 |       |    17 |    19 ||   151
       Dart              |     4 |    79 |   149 |   493 |   368 |   283 |     2 |     4 |     4 ||  1386
       Boomerang         |       |    14 |    54 |   252 |   505 |   252 |    97 |    93 |    30 ||  1297
       Stone             |       |    11 |     9 |    92 |       |       |       |       |       ||   112
       Throwing net      |       |       |     1 |       |     3 |     2 |       |       |       ||     6
 Cast: Song of Slaying   |       |       |       |       |       |       |       |       |   229 ||   229
       Regeneration      |       |       |       |       |       |       |       |       |   173 ||   173
       Borgnjor's Vile C |       |       |       |       |       |       |       |       |     2 ||     2
Invok: Request Jelly     |       |       |       |       |       |       |       |       |    71 ||    71
       Cure Bad Mutation |       |       |       |       |       |       |       |       |     3 ||     3
 Abil: Evoke Invisibilit |       |       |       |     2 |     2 |     1 |       |       |       ||     5
       Evoke Blink       |       |       |       |       |       |       |       |     3 |       ||     3
Evoke: Wand              |       |       |       |     2 |       |     3 |     1 |     2 |     1 ||     9
       Lamp of fire      |       |       |       |       |       |     2 |       |     2 |       ||     4
       Phantom mirror    |       |       |       |       |       |     1 |       |       |       ||     1
       Sack of spiders   |       |       |       |       |       |       |       |       |     2 ||     2
  Use: Scroll            |     3 |     2 |     5 |    17 |    12 |    17 |    11 |    18 |    32 ||   117
       Potion            |       |       |       |     5 |       |     1 |     1 |     5 |    14 ||    26
 Stab: Sleeping          |       |       |       |     1 |       |       |       |       |       ||     1
       Invisible         |       |       |       |     2 |     4 |    10 |       |       |       ||    16
       Held in net/web   |       |       |       |       |     1 |     1 |       |       |       ||     2
       Distracted        |       |       |       |       |       |     1 |     3 |     5 |    32 ||    41
       Confused          |       |       |       |       |       |     1 |       |       |    13 ||    14
  Eat: Chunk             |       |     9 |    11 |    24 |    32 |    21 |    29 |    24 |    34 ||   184
       Ration            |       |       |       |       |     2 |     7 |     5 |     7 |    21 ||    42
Armor: Leather armour    |    28 |    61 |   112 |   190 |       |       |       |       |       ||   391
       Ring mail         |       |    19 |       |       |       |       |       |       |       ||    19
       Plate armour      |       |    72 |    13 |    85 |   751 |  1478 |   424 |   330 |       ||  3153
       Chain mail        |       |       |       |       |     6 |       |       |       |       ||     6
       Gold dragon scale |       |       |       |       |       |       |       |   143 |  2427 ||  2570
       Crystal plate arm |       |       |       |       |       |       |       |       |   168 ||   168
Dodge: Dodged            |    32 |    73 |    92 |   109 |    91 |   309 |   113 |   105 |   743 ||  1667
Block: Buckler           |     4 |    48 |    36 |   112 |    59 |       |       |       |       ||   259
       Shield            |       |       |       |       |   728 |  1567 |   537 |   597 |  5001 ||  8430
       Reflection        |       |       |       |       |       |       |       |    38 |   157 ||   195

Table legend:
 A = Non-vault XP
 B = Vault XP
 C = Vault XP percentage of total XP
 D = Non-vault monster count
 E = Vault monster count
 F = Vault count percentage of total count
                 A         B        C        D         E       F
            +---------+---------+-------+---------+---------+-------
      Total | 2678508 |  978094 |  26.7 |    4930 |    1300 |  20.9
            +---------+---------+-------+---------+---------+-------
        D:1 |      33 |       0 |   0.0 |      21 |       0 |   0.0
        D:2 |     130 |      75 |  36.6 |      24 |       2 |   7.7
        D:3 |     107 |      33 |  23.6 |      19 |      11 |  36.7
        D:4 |     183 |      84 |  31.5 |      14 |       4 |  22.2
        D:5 |     850 |     171 |  16.7 |      33 |       2 |   5.7
        D:6 |     951 |    1018 |  51.7 |      16 |       3 |  15.8
        D:7 |    1032 |     571 |  35.6 |      12 |       2 |  14.3
        D:8 |    1632 |    2773 |  63.0 |      23 |      11 |  32.4
        D:9 |    4918 |     409 |   7.7 |      46 |       1 |   2.1
       D:10 |    3469 |     593 |  14.6 |      34 |      17 |  33.3
       D:11 |    3023 |    3588 |  54.3 |      17 |      10 |  37.0
       D:12 |    4859 |    5598 |  53.5 |      35 |      23 |  39.7
       D:13 |    9695 |       0 |   0.0 |      39 |       0 |   0.0
       D:14 |   17818 |    7578 |  29.8 |      52 |      15 |  22.4
       D:15 |   19194 |    1908 |   9.0 |      33 |       1 |   2.9
     Lair:1 |    7615 |     917 |  10.7 |      32 |       5 |  13.5
     Lair:2 |    2184 |     301 |  12.1 |       7 |       1 |  12.5
     Lair:3 |    8145 |    2655 |  24.6 |      26 |       6 |  18.8
     Lair:4 |    5580 |    2928 |  34.4 |      20 |       9 |  31.0
     Lair:5 |    6175 |       0 |   0.0 |      25 |       0 |   0.0
     Lair:6 |   12065 |   15480 |  56.2 |      41 |      50 |  54.9
    Swamp:1 |    8379 |       0 |   0.0 |      24 |       0 |   0.0
    Swamp:2 |   13062 |     613 |   4.5 |      26 |       1 |   3.7
    Swamp:3 |   12753 |     651 |   4.9 |      38 |       1 |   2.6
    Swamp:4 |   11924 |   21368 |  64.2 |      24 |      36 |  60.0
   Spider:1 |   14824 |    3261 |  18.0 |      46 |       1 |   2.1
   Spider:2 |   22628 |     770 |   3.3 |      59 |       3 |   4.8
   Spider:3 |   17084 |    5365 |  23.9 |      41 |      16 |  28.1
   Spider:4 |   12214 |   31914 |  72.3 |      35 |      67 |  65.7
      Orc:1 |    3345 |    1900 |  36.2 |      38 |       5 |  11.6
      Orc:2 |    3172 |   15099 |  82.6 |      19 |      42 |  68.9
      Elf:1 |   16624 |   12210 |  42.3 |      37 |      18 |  32.7
      Elf:2 |   17406 |   21992 |  55.8 |      34 |      29 |  46.0
      Elf:3 |   21394 |   75993 |  78.0 |      40 |      58 |  59.2
   Vaults:1 |   30964 |   11365 |  26.8 |      77 |      20 |  20.6
   Vaults:2 |   18435 |   22991 |  55.5 |      30 |      36 |  54.5
   Vaults:3 |   32592 |   27894 |  46.1 |      40 |      45 |  52.9
   Vaults:4 |   28907 |    6658 |  18.7 |      48 |      19 |  28.4
   Vaults:5 |   45520 |  138869 |  75.3 |      64 |     105 |  62.1
    Crypt:1 |   25309 |   10293 |  28.9 |      50 |      13 |  20.6
    Crypt:2 |   44694 |       0 |   0.0 |      54 |       0 |   0.0
    Crypt:3 |   18686 |   48487 |  72.2 |      26 |      74 |  74.0
   Depths:1 |   33919 |   33193 |  49.5 |      41 |      28 |  40.6
   Depths:2 |   24934 |   30070 |  54.7 |      38 |      23 |  37.7
   Depths:3 |   25684 |   36852 |  58.9 |      31 |      27 |  46.6
   Depths:4 |   29267 |   43933 |  60.0 |      41 |      37 |  47.4
   Depths:5 |   69125 |   54154 |  43.9 |      51 |      65 |  56.0
       Hell |   19291 |   43383 |  69.2 |      29 |      50 |  63.3
      Geh:1 |   49708 |       0 |   0.0 |     140 |       0 |   0.0
      Geh:2 |   55420 |       0 |   0.0 |     128 |       0 |   0.0
      Geh:3 |   60729 |       0 |   0.0 |     110 |       0 |   0.0
      Geh:4 |   22601 |       0 |   0.0 |      45 |       0 |   0.0
      Geh:5 |   47103 |       0 |   0.0 |     107 |       0 |   0.0
      Geh:6 |   46745 |       0 |   0.0 |      96 |       0 |   0.0
      Geh:7 |   36954 |   62245 |  62.7 |      58 |      52 |  47.3
      Coc:1 |   32309 |       0 |   0.0 |      95 |       0 |   0.0
      Coc:2 |   81555 |       0 |   0.0 |     116 |       0 |   0.0
      Coc:3 |   44283 |       0 |   0.0 |      76 |       0 |   0.0
      Coc:4 |   50394 |       0 |   0.0 |      65 |       0 |   0.0
      Coc:5 |   70794 |       0 |   0.0 |      79 |       0 |   0.0
      Coc:6 |   96390 |       0 |   0.0 |     101 |       0 |   0.0
      Coc:7 |    9303 |    8743 |  48.4 |      10 |      15 |  60.0
      Tar:1 |   65939 |       0 |   0.0 |     109 |       0 |   0.0
      Tar:2 |   61959 |       0 |   0.0 |      83 |       0 |   0.0
      Tar:3 |   97940 |       0 |   0.0 |     145 |       0 |   0.0
      Tar:4 |   66924 |       0 |   0.0 |      95 |       0 |   0.0
      Tar:5 |   61799 |       0 |   0.0 |      82 |       0 |   0.0
      Tar:6 |   45690 |       0 |   0.0 |      64 |       0 |   0.0
      Tar:7 |   22923 |    4321 |  15.9 |      22 |       6 |  21.4
      Zot:1 |   78195 |       0 |   0.0 |      52 |       0 |   0.0
      Zot:2 |   34325 |    2189 |   6.0 |      28 |       2 |   6.7
    Abyss:1 |  393831 |   71751 |  15.4 |     732 |      29 |   3.8
    Abyss:2 |   71417 |       0 |   0.0 |     154 |       0 |   0.0
    Abyss:3 |   48994 |    9578 |  16.4 |     112 |      15 |  11.8
    Abyss:4 |  123011 |    7414 |   5.7 |     265 |      31 |  10.5
    Abyss:5 |   69479 |    1418 |   2.0 |     111 |       9 |   7.5
     Bailey |       0 |    2130 | 100.0 |       0 |      27 | 100.0
    Volcano |       0 |    1162 | 100.0 |       0 |       4 | 100.0
     WizLab |       0 |   18327 | 100.0 |       0 |      31 | 100.0
 Desolation |       0 |   40321 | 100.0 |       0 |      80 | 100.0
   Gauntlet |       0 |    2537 | 100.0 |       0 |       7 | 100.0
            +---------+---------+-------+---------+---------+-------
